 Dungeon Crawl Stone Soup version 0.29.0-15-g675c0067aa (webtiles) character file.

Game seed: 16566301039726437982

531053 qw the Conqueror (level 24, -4/224 HPs)
             Began as a Minotaur Berserker on Sept 12, 2022.
             Was an Elder of Trog.
             Slain by a Killer Klown
             ... wielding a +12 antimagic club
              (13 damage)
             ... on level 5 of the Realm of Zot.
             The game lasted 00:28:11 (68156 turns).

qw the Conqueror (Minotaur Berserker)              Turns: 68156, Time: 00:28:12

Health: -4/224     AC: 39    Str: 35 (36) XL:     24   Next: 42%
Magic:  22/22      EV: 23    Int:  9 (11) God:    Trog [****..]
Gold:   2765       SH: 29    Dex: 19 (20) Spells: 23/23 levels left

rFire   + . .      SeeInvis +   x - +4 broad axe (vamp)
rCold   . . .      Faith    .   G - +0 tower shield
rNeg    + . .      Spirit   .   e - +0 plate armour of Supple Strength {Contam rElec Int+8 SInv}
rPois   +          Reflect  +   u - +2 hat {Int+3}
rElec   +          Harm     .   F - +2 cloak {rPois}
rCorr   +          Rampage  .   a - +2 pair of gloves {Dex+3}
Will    +++..                   w - +2 pair of boots
Stlth   ..........              c - amulet "Dieq" {Reflect rCorr Int-4 Dex+5 SH+5}
HPRegen 1.47/turn               z - ring "Naofaska" {rF+ rN+ EV+4 Str+4}
MPRegen 0.18/turn               k - +4 ring of protection

@: about to teleport, strong-willed, on berserk cooldown, regenerating, slowed,
unable to drink, very slow
A: horns 2, retaliatory headbutt, claws 1, frail 1, screaming 1, inability to
drink after injury 1, devolution 1
}: 3/15 runes: decaying, silver, gossamer
a: Renounce Religion, Berserk, Trog's Hand, Brothers in Arms


You were on level 5 of the Realm of Zot.
You worshipped Trog.
Trog was greatly pleased with you.
You visited 8 branches of the dungeon, and saw 44 of its levels.
You visited the Abyss 1 time.

You collected 9022 gold pieces.
You spent 6257 gold pieces at shops.


Innate Abilities, Weirdness & Mutations

You have a pair of horns on your head.
You reflexively headbutt those who attack you in melee.
You have sharp fingernails.
You are frail. (-10% HP)
You occasionally shout uncontrollably at your foes.
You occasionally lose the ability to drink potions when taking damage.
You have hidden genetic defects.


   Skills:
 O Level 27 Fighting
 - Level 20.0 Axes
 - Level 15.0 Throwing
 + Level 24.0 Armour
 - Level 18.0 Dodging
 - Level 22.9 Shields
 - Level 4.7 Evocations


You had 23 spell levels left.
You didn't know any spells.
Your spell library was empty.

Inventory:

Hand Weapons
 x - a +4 vampiric broad axe (weapon)
Missiles
 q - 4 boomerangs (quivered)
Armour
 a - a +2 pair of gloves of dexterity (worn)
 e - the +0 plate armour of Supple Strength (worn) {Contam rElec Int+8 SInv}
   (You found it on level 14 of the Dungeon)

   Int:       It affects your intelligence (+8).
   rElec:     It insulates you from electricity.
   SInv:      It lets you see invisible.
   Contam:    It causes magical contamination when unequipped.
 t - a +2 plate armour of fire resistance
 u - a +2 hat of intelligence (worn)
 w - a +2 pair of boots (worn)
 B - a +3 plate armour of cold resistance
 D - the +2 cloak of the Thief {*Fog Slay-2 SInv Stlth+}
   (You acquired it on level 2 of the Swamp)

   It may release a thick cloud of smoke when the wearer is hurt.
   Slay:      It affects your accuracy & damage with ranged weapons and melee
   (-2).
   SInv:      It lets you see invisible.
   Stlth:     It makes you more stealthy.
 E - the +3 plate armour of the Endless Expanse {Str+4}
   (You found it on level 2 of the Swamp)

   Str:       It affects your strength (+4).
 F - a +2 cloak of poison resistance (worn)
 G - a +0 tower shield (worn)
Jewellery
 c - the amulet "Dieq" (around neck) {Reflect rCorr Int-4 Dex+5 SH+5}
   (You found it on level 1 of the Depths)

   [amulet of reflection]

   It reflects blocked missile attacks.
   Int:       It affects your intelligence (-4).
   Dex:       It affects your dexterity (+5).
   rCorr:     It protects you from acid and corrosion.
   SH:        It affects your SH (+5).
 f - a ring of protection from fire
 k - a +4 ring of protection (right hand)
 v - the ring "Juulis" {rElec rF+ rCorr Str+2 Slay-5 SInv}
   (You bought it in a shop on level 2 of the Orcish Mines)

   [ring of protection from fire]

   Str:       It affects your strength (+2).
   Slay:      It affects your accuracy & damage with ranged weapons and melee
   (-5).
   rF:        It protects you from fire.
   rElec:     It insulates you from electricity.
   SInv:      It lets you see invisible.
   rCorr:     It protects you from acid and corrosion.
 z - the ring "Naofaska" (left hand) {rF+ rN+ EV+4 Str+4}
   (You found it on level 1 of the Depths)

   [ring of evasion]

   EV:        It affects your evasion (+4).
   Str:       It affects your strength (+4).
   rF:        It protects you from fire.
   rN:        It protects you from negative energy.
 H - the ring "Durenk" {Fire Dex+4 Stlth+}
   (You found it on level 1 of the Depths)

   [ring of fire]

   It enhances your fire magic.
   Dex:       It affects your dexterity (+4).
   rF:        It protects you from fire.
   rC:        It makes you vulnerable to cold.
   Stlth:     It makes you more stealthy.
Wands
 g - a wand of digging (24)
Scrolls
 h - 13 scrolls of identify
 n - a scroll of brand weapon
 y - 21 scrolls of teleportation
 C - 10 scrolls of enchant armour
Potions
 b - 6 potions of cancellation
 d - 14 potions of haste
 j - 10 potions of might
 l - 10 potions of mutation
 o - 3 potions of resistance
 p - 11 potions of curing

Dungeon Overview and Level Annotations

Branches:
Dungeon (15/15)            Temple (0/1) D:7            Lair (5/5) D:10
  Swamp (4/4) Lair:3       Spider (4/4) Lair:2        Slime (0/5) Lair:4
    Orc (2/2) D:10            Elf (0/3) Orc:2        Vaults (5/5) D:13
  Crypt (0/3) Vaults:3     Depths (4/4) D:15            Zot (5/5) Depths:4

Altars:
Fedhas
Kikubaaqudgha
Sif Muna
Uskayaw
Vehumet
Wu Jian
The Shining One
Jiyva
Lugonu

Shops:
D:3 *   D:4 *:   D:7 =   D:8 *   D:13 =   D:14 *   D:15 (   Orc:1 *
Orc:2 :=(?:   Vaults:2 ****

Portals:
Hell: Depths:1 Depths:2 Depths:3 Depths:4
Abyss: D:15 Depths:2 Depths:3 Depths:4
Pandemonium: Depths:1 Depths:2
Ziggurat: Depths:4
Trove: D:14 (lose all piety)

Annotations:
D:4 3 runed translucent doors, qw's ghost, novice GrFi
D:14 1 runed translucent door, qw's ghost, journeyman GrFi
Lair:4 1 runed translucent door
Depths:3 1 transporter


Message History

You block the dread lich's attack. You block the white draconian's attack.
The purple draconian misses you. The Hell Sentinel gestures at you.
The iron shot misses you. You block the Killer Klown's attack.
The dread lich casts a spell.
You hit the Killer Klown.
The Killer Klown is almost dead.
You hit the dread lich but do no damage.
You hit the dread lich.
You hit the Hell Sentinel but do no damage.
You slice the white draconian!!
You feel better.
You kill the white draconian!
Trog accepts your kill. You block the dread lich's attack.
The dread lich mumbles some strange words.
The purple draconian completely misses you.
You block the Killer Klown's attack.
The Killer Klown blinks!
The tormentor calls on the powers of darkness!
Your body is wracked with pain!
The Killer Klown convulses!
The purple draconian convulses!
The Killer Klown convulses!
You block the Hell Sentinel's attack.
The Hell Sentinel hits you but does no damage.
You barely miss the Killer Klown.
The Killer Klown is almost dead.
You completely miss the dread lich. You barely miss the dread lich.
You hit the Hell Sentinel but do no damage.
You hit the hell beast but do no damage.
The dread lich touches you but does no damage.
The electric golem blinks!
You block the Killer Klown's attack.
The tormentor calls on the powers of darkness!
Your body is wracked with pain!
The Killer Klown convulses!
The purple draconian convulses!
The Killer Klown convulses!
The Killer Klown blinks!
You block the hell beast's attack. x2
The purple draconian hits you but does no damage.
The dread lich touches you but does no damage.
You block the Hell Sentinel's attack.
The Hell Sentinel hits you but does no damage.
The dread lich touches you but does no damage.
The Killer Klown teases you with a +12 antimagic club!
You die...

##############..
###....22L@p¤..(..
##....##.d12L9.^...
######...###..^.1.......
........###.....^.......
.......## #..p.....^....
.......# #.......¤..^..
......## #.............
......# #.............
......## #..........


You could see 2 Killer Klowns, 2 Hell Sentinels, an electric golem, 2 dread
liches, a purple draconian, a hell beast (summoned) and 2 tormentors.

Vanquished Creatures
  A dread lich (Zot:5)
  3 ancient liches
  4 orbs of fire
  Mara (Depths:1)
  2 juggernauts (Depths:4)
  Sojobo (Depths:2)
  the Lernaean hydra (Swamp:4)
  Bai Suzhen (Swamp:4)
  A Killer Klown (Zot:2)
  Xtahua (Vaults:3)
  5 caustic shrikes
  5 curse toes
  6 golden dragons
  2 bone dragons (Depths:4)
  An electric golem (Zot:3)
  Rupert (D:14)
  10 Orb Guardians (Zot:5)
  2 liches (Depths:2)
  16 tentacled monstrosities
  Asterion (Vaults:2)
  A walking earthen tome (Depths:2)
  7 quicksilver dragons
  10 titans
  4 death cobs
  17 storm dragons
  Agnes (Vaults:3)
  3 sphinxes
  7 draconian monks
  11 shadow dragons
  5 tengu reavers
  An emperor scorpion (Spider:4)
  8 fire giants
  Donald (Spider:3)
  11 draconian knights
  12 vault wardens
  Aizul (Spider:4)
  13 frost giants
  An iron dragon (Depths:4)
  11 draconian shifters
  5 draconian scorchers (Zot:1)
  A balrug (Depths:1)
  3 orc warlords
  6 ghost moths
  21 ironbound preservers
  8 draconian annihilators
  6 spectral caustic shrikes (Depths:2)
  3 draconian stormcallers
  8 ironbound thunderhulks
  A war gargoyle (Vaults:5)
  A broodmother (Spider:1)
  4 spriggan defenders
  13 stone giants
  18 very ugly things
  4 eleionomae
  2 deep elf demonologists (Vaults:5)
  6 black draconians
  14 green draconians
  2 entropy weavers
  14 red draconians
  6 vampire knights
  8 purple draconians
  4 spark wasps
  7 yellow draconians
  5 white draconians
  2 bunyips (Swamp:4)
  4 dire elephants (Vaults:3)
  4 ettins
  8 fire dragons
  Snorg (D:14)
  2 merfolk javelineers (Depths:2)
  A deep elf death mage (Vaults:5)
  14 yaktaur captains
  2 jiangshi (Depths:2)
  A deep elf high priest (Vaults:5)
  A shambling mangrove (Swamp:4)
  6 great orbs of eyes
  A rakshasa (Depths:2)
  30 vault guards
  13 hydras
  Erolcha (Orc:2)
  4 boulder beetles
  2 spriggan air magi
  A two-headed ogre (D:12)
  A jorogumo (Spider:4)
  8 ice dragons
  5 ironbound frosthearts
  2 radroaches
  3 ghost crabs
  2 ogre magi (Orc:2)
  A peacekeeper (Vaults:4)
  5 centaur warriors
  A two-headed ogre (shapeshifter) (Vaults:4)
  2 dancing weapons (Depths:2)
  7 alligators
  5 tengu warriors
  6 death scarabs (Spider:4)
  4 spriggan berserkers (Depths:4)
  Urug (Lair:2)
  2 orc high priests (Orc:2)
  5 deep troll shamans
  2 vampire magi
  2 soul eaters
  5 deep troll earth magi
  9 spriggans
  2 sun demons (Depths:1)
  10 hell knights
  A deep elf knight (D:13)
  5 iron trolls
  8 pharaoh ants
  Nergalle (Orc:2)
  2 skeletal warriors
  A titan skeleton (Depths:2)
  3 goliath frogs
  2 sun moths (Spider:3)
  2 spriggan druids
  65 deep trolls
  A wretched star (Abyss:2)
  14 swamp dragons
  A sixfirhy (Depths:1)
  15 steelbarb worms
  5 bog bodies
  A glowing orange brain (shapeshifter) (Vaults:5)
  3 flayed ghosts
  17 lindwurms
  6 necromancers
  A tengu zombie (Depths:2)
  15 ironbound convokers
  2 phantasmal warriors
  3 wizards
  Pikel (D:5)
  A shadow dragon zombie (Abyss:2)
  2 wolf spider zombies (Spider:4)
  A broodmother zombie (Spider:4)
  2 spectral wolf spiders (Spider:4)
  A deep elf pyromancer (D:13)
  2 tengu skeletons (Depths:1)
  22 orc knights
  A cyclops (shapeshifter) (Depths:2)
  27 slime creatures
  A salamander (D:15)
  7 orc sorcerers (Orc:2)
  16 wolf spiders
  35 ugly things
  3 deep elf zephyrmancers (D:13)
  3 cyclopes
  3 manticores (D:15)
  A worldbinder (Abyss:2)
  8 elephants
  2 will-o-the-wisps (Swamp:1)
  A stone giant skeleton (Vaults:4)
  An eye of devastation (shapeshifter) (Depths:1)
  22 moths of wrath
  5 black mambas
  A frost giant skeleton (Depths:2)
  3 smoke demons
  9 apocalypse crabs (Zot:4)
  A fire giant skeleton (Depths:1)
  15 vault sentinels
  3 torpor snails
  2 gargoyles
  4 centaur skeletons (D:13)
  An orange demon (Depths:1)
  17 cane toads
  2 unseen horrors
  3 rime drakes
  2 human zombies (Vaults:4)
  6 demonic crawlers
  A hellwing (Depths:1)
  14 komodo dragons
  Psyche (D:8)
  2 redback zombies (Spider:4)
  A freezing wraith (Vaults:5)
  A spriggan skeleton (Depths:1)
  37 yaktaurs
  3 spectral redbacks (Spider:4)
  A golden dragon simulacrum (Depths:2)
  7 trolls
  11 meliai
  A merfolk (shapeshifter) (Depths:4)
  2 red devils (Depths:1)
  A tarantella (shapeshifter) (Vaults:5)
  10 hornets
  A bloated husk (Swamp:3)
  2 spectral jumping spiders (Spider:4)
  A spectral tarantella (Spider:4)
  13 tyrant leeches
  18 blink frogs (Lair:5)
  A jumping spider zombie (Spider:4)
  3 polar bears
  2 spectral culicivoras (Spider:4)
  18 tarantellas
  A dream sheep (shapeshifter) (Depths:4)
  A tarantella zombie (Spider:4)
  A raiju (Abyss:2)
  4 dream sheep (Lair:3)
  31 jumping spiders
  8 large abominations
  A jumping spider (shapeshifter) (Vaults:5)
  27 culicivoras
  A wraith (D:14)
  34 yaks
  9 water elementals
  3 wyverns (D:9)
  Eustachio (D:4)
  A golden eye (shapeshifter) (D:13)
  3 ynoxinuls
  63 redbacks
  A basilisk (Lair:2)
  A yaktaur simulacrum (Vaults:4)
  17 vampire mosquitoes
  A basilisk (shapeshifter) (D:15)
  2 chaos spawn (Depths:4)
  9 wargs
  13 water moccasins
  Edmund (D:4)
  14 swamp worms
  2 acid dragons
  A glowing shapeshifter skeleton (Depths:2)
  9 swamp drakes
  39 orc warriors
  6 starcursed masses (Abyss:2)
  17 boggarts
  An ice beast (D:6)
  A black bear (Lair:2)
  3 wolves (Lair:2)
  6 centaurs
  6 ogres
  A phantom (D:5)
  A lemure (D:5)
  3 kobold brigands
  15 bullfrogs
  A tengu simulacrum (Depths:1)
  5 scorpions
  An ogre simulacrum (Vaults:4)
  10 wights
  25 killer bees
  2 electric eels
  A jelly (D:5)
  19 orc priests
  2 gnoll boudas
  2 hounds
  2 iguanas
  37 orc wizards
  9 small abominations
  8 adders
  7 gnolls
  A shadow imp (D:6)
  2 white imps
  An ufetubus (D:6)
  5 worms
  A dart slug (D:1)
  78 orcs
  13 endoplasms
  4 giant cockroaches
  9 goblins
  8 hobgoblins
  2 jackals (D:1)
  4 quokkas
  6 ball pythons
  6 bats
  4 frilled lizards
  22 kobolds
  6 rats
  2 lurking horrors (D:15)
  2 plants (Zot:5)
1777 creatures vanquished.

Vanquished Creatures (collateral kills)
  A titan (Vaults:5)
  A sphinx (Vaults:5)
  An orc warlord (Vaults:4)
  A war gargoyle (Vaults:5)
  A very ugly thing (Depths:2)
  An eleionoma (Swamp:3)
  A jiangshi (Depths:2)
  5 hydras
  A boulder beetle (Lair:5)
  A pharaoh ant (Spider:4)
  3 orb spiders
  2 orc knights (Vaults:4)
  A necromancer (Vaults:4)
  An orc sorcerer (Orc:2)
  An apocalypse crab (Zot:4)
  A vault sentinel (Vaults:4)
  A cane toad (Lair:2)
  A torpor snail (Spider:3)
  A gargoyle (D:11)
  A queen bee (Spider:3)
  A meliai (Spider:3)
  A troll (Orc:2)
  A tarantella (Spider:2)
  A hornet (Swamp:3)
  A spriggan (Swamp:3)
  4 redbacks
  A vampire mosquito (Swamp:1)
  3 swamp drakes (Swamp:4)
  3 orc warriors
  9 killer bees (Spider:3)
  4 orcs
56 creatures vanquished.

Vanquished Creatures (others)
  A shadow dragon (Depths:4)
  A vampire knight (Depths:2)
  An alligator (Swamp:1)
  2 spriggans (Depths:4)
  A wizard (Vaults:2)
  2 bloated husks
  A hornet (Depths:4)
  A redback (shapeshifter) (Vaults:5)
  A vampire mosquito (Swamp:1)
  A swamp worm (Swamp:1)
  An orc wizard (D:13)
  2 foxfires (Swamp:1)
  29 fungi
  80 plants
124 creatures vanquished.

Grand Total: 1957 creatures vanquished

Notes
Turn   | Place    | Note
-------+----------+-------------------------------------------
     0 | D:1      | qw the Minotaur Berserker began the quest for the Orb.
     0 | D:1      | Reached XP level 1. HP: 19/19 MP: 0/0
     0 | D:1      | 0 ||| qw: Version: 0.1-a-119-g272c26d
     0 | D:1      | 0 ||| qw: Game counter: 10917
     0 | D:1      | 0 ||| qw: Always use a shield: true
     0 | D:1      | 0 ||| qw: Do Orc after D:15 true
     0 | D:1      | 0 ||| qw: Do second Lair branch before Depths: true
     0 | D:1      | 0 ||| qw: Lair rune preference: random
     0 | D:1      | 0 ||| qw: Plans: Normal
     0 | D:1      | 0 ||| PLANNING D:1-11
   265 | D:1      | Reached XP level 2. HP: 26/26 MP: 1/1
   269 | D:1      | 269 ||| Stepping ~*~*~tactically~*~*~ (stealth).
   272 | D:1      | 272 ||| Stepping ~*~*~tactically~*~*~ (stealth).
   274 | D:1      | 274 ||| Stepping ~*~*~tactically~*~*~ (stealth).
   275 | D:1      | 275 ||| Stepping ~*~*~tactically~*~*~ (stealth).
   756 | D:1      | Found a faded altar of an unknown god.
   799 | D:1      | 799 ||| DROPPING +0 club.
   838 | D:1      | Reached XP level 3. HP: 31/31 MP: 2/2
   838 | D:1      | 838 ||| Stepping ~*~*~tactically~*~*~ (stealth).
   839 | D:1      | 839 ||| Stepping ~*~*~tactically~*~*~ (stealth).
   856 | D:1      | Reached ** piety under Trog
  1079 | D:1      | 1079 ||| UPGRADING to +0 leather armour.
  1089 | D:1      | 1089 ||| Stepping ~*~*~tactically~*~*~ (stealth).
  1090 | D:1      | 1090 ||| DROPPING +0 animal skin.
  1091 | D:1      | 1091 ||| UPGRADING to amulet of guardian spirit.
  1096 | D:1      | 1096 ||| UPGRADING to ring of protection from fire.
  1097 | D:1      | 1097 ||| READING scroll labelled PAZIUTH HENWU.
  1098 | D:1      | 1098 ||| READING scroll labelled ZAUCAE QEIXZEJ.
  1099 | D:1      | 1099 ||| READING scroll labelled ZOTHRAA ICHOFUM.
  1100 | D:1      | 1100 ||| READING scroll labelled LECKARR UM VYO.
  1101 | D:1      | 1101 ||| READING scroll labelled WIEGROROACS.
  1125 | D:1      | 1125 ||| Stepping ~*~*~tactically~*~*~ (stealth).
  1130 | D:1      | 1130 ||| READING scroll labelled YJIERU BARR.
  1131 | D:1      | 1131 ||| READING scroll labelled YWANISTR WAOMI.
  1132 | D:1      | 1132 ||| READING scroll labelled OWASAE ZEGEO.
  1132 | D:1      | Identified a scroll of acquirement
  1132 | D:1      | 1132 ||| ACQUIRING +2 pair of gloves of dexterity
  1132 | D:1      | Acquired a +2 pair of gloves of dexterity
  1134 | D:1      | 1134 ||| UPGRADING to +2 pair of gloves of dexterity.
  1199 | D:2      | 1199 ||| Stepping ~*~*~tactically~*~*~ (stealth).
  1241 | D:2      | 1241 ||| FLEEEEING.
  1242 | D:2      | 1242 ||| FLEEEEING.
  1243 | D:2      | 1243 ||| FLEEEEING.
  1245 | D:2      | 1245 ||| FLEEEEING.
  1247 | D:2      | 1247 ||| FLEEEEING.
  1248 | D:2      | 1248 ||| FLEEEEING.
  1249 | D:2      | 1249 ||| STAIRDANCE
  1301 | D:2      | 1301 ||| STAIRDANCE
  1461 | D:2      | 1461 ||| Stepping ~*~*~tactically~*~*~ (stealth).
  1463 | D:2      | 1463 ||| Stepping ~*~*~tactically~*~*~ (stealth).
  1658 | D:2      | 1658 ||| INVOKING Berserk.
  1855 | D:2      | Reached XP level 4. HP: 39/39 MP: 3/3
  1916 | D:2      | Reached skill level 6 in Axes
  2219 | D:2      | 2219 ||| UPGRADING to +0 chain mail.
  2229 | D:2      | 2229 ||| UPGRADING to +0 plate armour.
  2239 | D:2      | 2239 ||| DROPPING +0 chain mail.
  2240 | D:2      | 2240 ||| DROPPING +0 leather armour.
  2241 | D:2      | 2241 ||| READING 3 scrolls of identify.
  2241 | D:2      | 2241 ||| IDENTIFYING glowing silvery potion
  2242 | D:2      | 2242 ||| READING 2 scrolls of identify.
  2242 | D:2      | 2242 ||| IDENTIFYING black potion
  2243 | D:2      | 2243 ||| DROPPING potion of magic.
  2354 | D:3      | Found Lugu Ker's General Store.
  2359 | D:3      | 2359 ||| BUYING +0 cloak (45 gold).
  2359 | D:3      | Bought a +0 cloak for 45 gold pieces
  2359 | D:3      | 2359 ||| BUYING potion of mutation (80 gold).
  2359 | D:3      | Bought a potion of mutation for 80 gold pieces
  2359 | D:3      | 2359 ||| SHOPLISTING potion of resistance (100 gold, have
                  | 12).
  2359 | D:3      | 2359 ||| SHOPLISTING scroll of enchant armour (75 gold,
                  | have 12).
  2359 | D:3      | 2359 ||| SHOPLISTING scroll of teleportation (30 gold, have
                  | 12).
  2474 | D:3      | 2474 ||| Stepping ~*~*~tactically~*~*~ (hiding).
  2640 | D:3      | 2640 ||| Stepping ~*~*~tactically~*~*~ (stealth).
  2824 | D:3      | 2824 ||| INVOKING Berserk.
  2829 | D:3      | Reached XP level 5. HP: 45/45 MP: 4/4
  2859 | D:3      | 2859 ||| Stepping ~*~*~tactically~*~*~ (stealth).
  2900 | D:3      | 2900 ||| Stepping ~*~*~tactically~*~*~ (stealth).
  2903 | D:3      | 2903 ||| Stepping ~*~*~tactically~*~*~ (stealth).
  2904 | D:3      | 2904 ||| Stepping ~*~*~tactically~*~*~ (stealth).
  3088 | D:3      | 3088 ||| UPGRADING to +0 cloak.
  3093 | D:3      | 3093 ||| DRINKING 2 white potions.
  3094 | D:3      | 3094 ||| READING 2 scrolls of identify.
  3094 | D:3      | 3094 ||| IDENTIFYING sedimented dark potion
  3095 | D:3      | 3095 ||| DROPPING potion of flight.
  3112 | D:4      | 3112 ||| PLANNING SEWER
  3159 | D:4      | 3159 ||| DROPPING +0 mace.
  3171 | D:4      | Found a runed translucent gate.
  3171 | D:4      | Found a runed translucent gate.
  3171 | D:4      | Found a runed translucent gate.
  3179 | D:4      | 3179 ||| INVOKING Berserk.
  3183 | D:4      | Reached skill level 4 in Fighting
  3186 | D:4      | Reached XP level 6. HP: 41/52 MP: 3/5
  3191 | D:4      | HP: 18/78 [poisoned by a gnoll]
  3193 | D:4      | HP: 8/52 [poisoned by a gnoll]
  3194 | D:4      | 3194 ||| INVOKING Trog's Hand.
  3198 | D:4      | HP: 5/52 [poisoned by a gnoll]
  3463 | D:4      | 3463 ||| DROPPING +3 whip.
  3568 | D:4      | Noticed Edmund
  3571 | D:4      | 3571 ||| INVOKING Berserk.
  3576 | D:4      | Killed Edmund
  3803 | D:4      | Found a glowing drain.
  3806 | D:4      | 3806 ||| FLEEEEING.
  3807 | D:4      | 3807 ||| FLEEEEING.
  3808 | D:4      | 3808 ||| RIP SEWER
  3809 | D:4      | 3809 ||| PLANNING D:1-11
  3828 | D:4      | 3828 ||| Stepping randomly (stuck).
  3829 | D:4      | 3829 ||| Stepping randomly (stuck).
  3831 | D:4      | 3831 ||| Stepping randomly (stuck).
  3832 | D:4      | 3832 ||| Stepping randomly (stuck).
  3834 | D:4      | 3834 ||| Stepping randomly (stuck).
  3835 | D:4      | 3835 ||| Stepping randomly (stuck).
  3836 | D:4      | 3836 ||| Stepping randomly (stuck).
  3837 | D:4      | 3837 ||| Stepping randomly (stuck).
  3852 | D:4      | 3852 ||| Stepping randomly (stuck).
  3854 | D:4      | 3854 ||| Stepping randomly (stuck).
  3858 | D:4      | 3858 ||| Stepping randomly (stuck).
  3866 | D:4      | Reached *** piety under Trog
  3979 | D:4      | Identified the +8 scale mail of Sunlight {rElec Slay+3}
  3993 | D:4      | Noticed Eustachio
  3995 | D:4      | Found Ibber's Book Shop.
  3997 | D:4      | 3997 ||| INVOKING Berserk.
  4010 | D:4      | Killed Eustachio
  4011 | D:4      | Reached skill level 9 in Axes
  4011 | D:4      | Reached XP level 7. HP: 59/59 MP: 6/6
  4124 | D:4      | Found Ezol's General Store.
  4133 | D:4      | 4133 ||| BUYING potion of curing (39 gold).
  4133 | D:4      | Bought a potion of curing for 39 gold pieces
  4133 | D:4      | 4133 ||| SHOPLISTING potion of haste (130 gold, have 78).
  4133 | D:4      | 4133 ||| BUYING scroll of identify (26 gold).
  4133 | D:4      | Bought a scroll of identify for 26 gold pieces
  4344 | D:4      | Noticed qw's ghost (novice GrFi)
  4351 | D:4      | 4351 ||| UPGRADING to +8 scale mail of Sunlight {rElec
                  | Slay+3}.
  4361 | D:4      | 4361 ||| DROPPING +0 plate armour.
  4362 | D:4      | 4362 ||| READING 2 scrolls of identify.
  4362 | D:4      | 4362 ||| IDENTIFYING ruby potion
  4363 | D:4      | 4363 ||| DROPPING potion of degeneration.
  4368 | D:5      | Entered Level 5 of the Dungeon
  4373 | D:5      | 4373 ||| INVOKING Berserk.
  4381 | D:5      | 4381 ||| STAIRDANCE
  4635 | D:5      | 4635 ||| Stepping ~*~*~tactically~*~*~ (stealth).
  4643 | D:5      | Noticed Pikel
  4644 | D:5      | 4644 ||| Stepping ~*~*~tactically~*~*~ (stealth).
  4647 | D:5      | 4647 ||| Stepping ~*~*~tactically~*~*~ (stealth).
  4649 | D:5      | 4649 ||| INVOKING Berserk.
  4653 | D:5      | Killed Pikel
  4654 | D:5      | Reached skill level 7 in Fighting
  4654 | D:5      | Reached XP level 8. HP: 74/74 MP: 7/7
  4886 | D:5      | Reached skill level 1 in Throwing
  5090 | D:5      | 5090 ||| DROPPING scarf of invisibility.
  5091 | D:5      | 5091 ||| DROPPING +1 chain mail of poison resistance.
  5092 | D:5      | 5092 ||| READING scroll labelled SIAMUL QENLUUF.
  5093 | D:5      | 5093 ||| READING scroll labelled ZIFOEJ UXZEOSCH.
  5241 | D:5      | 5241 ||| READING scroll labelled XESHRO ESOEB.
  5242 | D:5      | 5242 ||| READING scroll labelled UXIASMIXZE.
  5247 | D:5      | 5247 ||| DRINKING 2 dark potions.
  5248 | D:5      | 5248 ||| READING 2 scrolls of identify.
  5248 | D:5      | 5248 ||| IDENTIFYING silvery potion
  5249 | D:5      | 5249 ||| DROPPING potion of invisibility.
  5333 | D:6      | 5333 ||| UPGRADING to ring of protection from cold.
  5334 | D:6      | 5334 ||| Stepping randomly (stuck).
  5367 | D:6      | 5367 ||| INVOKING Berserk.
  5372 | D:6      | Reached skill level 3 in Dodging
  5498 | D:6      | 5498 ||| Stepping ~*~*~tactically~*~*~ (stealth).
  5505 | D:6      | 5505 ||| Stepping ~*~*~tactically~*~*~ (stealth).
  5506 | D:6      | 5506 ||| Stepping ~*~*~tactically~*~*~ (stealth).
  5511 | D:6      | 5511 ||| INVOKING Berserk.
  5620 | D:6      | 5620 ||| DROPPING +0 flail.
  5662 | D:6      | 5662 ||| Stepping ~*~*~tactically~*~*~ (hiding).
  5664 | D:6      | 5664 ||| INVOKING Berserk.
  5838 | D:6      | Reached XP level 9. HP: 74/80 MP: 8/8
  5870 | D:6      | 5870 ||| Stepping ~*~*~tactically~*~*~ (stealth).
  5918 | D:6      | 5918 ||| Stepping ~*~*~tactically~*~*~ (stealth).
  5928 | D:6      | 5928 ||| Stepping ~*~*~tactically~*~*~ (stealth).
  5929 | D:6      | 5929 ||| Stepping ~*~*~tactically~*~*~ (stealth).
  5970 | D:6      | 5970 ||| Stepping ~*~*~tactically~*~*~ (stealth).
  5972 | D:6      | 5972 ||| Stepping ~*~*~tactically~*~*~ (hiding).
  5974 | D:6      | 5974 ||| Stepping ~*~*~tactically~*~*~ (hiding).
  5975 | D:6      | 5975 ||| Stepping ~*~*~tactically~*~*~ (hiding).
  5976 | D:6      | 5976 ||| Stepping ~*~*~tactically~*~*~ (hiding).
  5978 | D:6      | 5978 ||| Stepping ~*~*~tactically~*~*~ (hiding).
  5998 | D:6      | 5998 ||| Stepping ~*~*~tactically~*~*~ (stealth).
  6033 | D:6      | 6033 ||| Stepping ~*~*~tactically~*~*~ (hiding).
  6040 | D:6      | 6040 ||| INVOKING Berserk.
  6042 | D:6      | Reached skill level 12 in Axes
  6162 | D:6      | 6162 ||| SWAPPING to +2 vorpal hand axe.
  6163 | D:6      | 6163 ||| DROPPING +0 hand axe.
  6444 | D:6      | 6444 ||| READING scroll labelled OLUAPI VIBOAR.
  6445 | D:6      | 6445 ||| READING 2 scrolls of identify.
  6445 | D:6      | 6445 ||| IDENTIFYING amethyst potion
  6514 | D:7      | Found a staircase to the Ecumenical Temple.
  6532 | D:7      | 6532 ||| READING scroll of enchant weapon.
  6532 | D:7      | 6532 ||| ENCHANTING +3 vorpal hand axe.
  6575 | D:7      | 6575 ||| Stepping ~*~*~tactically~*~*~ (hiding).
  6869 | D:7      | Found Teogig's Jewellery Shoppe.
  6879 | D:7      | 6879 ||| SHOPLISTING +4 ring of protection (540 gold, have
                  | 263).
  6879 | D:7      | 6879 ||| SHOPLISTING +6 ring of strength (540 gold, have
                  | 263).
  6879 | D:7      | 6879 ||| SHOPLISTING amulet of reflection (450 gold, have
                  | 263).
  6879 | D:7      | 6879 ||| SHOPLISTING ring of fire (375 gold, have 263).
  6879 | D:7      | 6879 ||| SHOPLISTING ring of poison resistance (300 gold,
                  | have 263).
  6921 | D:7      | 6921 ||| INVOKING Berserk.
  7213 | D:7      | 7213 ||| SWAPPING to +1 vampiric war axe.
  7214 | D:7      | 7214 ||| DROPPING +4 vorpal hand axe.
  7265 | D:7      | 7265 ||| Stepping ~*~*~tactically~*~*~ (hiding).
  7266 | D:7      | 7266 ||| Stepping ~*~*~tactically~*~*~ (hiding).
  7268 | D:7      | 7268 ||| Stepping ~*~*~tactically~*~*~ (hiding).
  7271 | D:7      | 7271 ||| INVOKING Berserk.
  7279 | D:7      | Reached skill level 8 in Fighting
  7415 | D:7      | 7415 ||| READING 3 scrolls of identify.
  7415 | D:7      | 7415 ||| IDENTIFYING purple potion
  7416 | D:7      | 7416 ||| READING 2 scrolls of identify.
  7416 | D:7      | 7416 ||| IDENTIFYING coppery potion
  7417 | D:7      | 7417 ||| DROPPING potion of lignification.
  7502 | D:8      | Noticed Psyche
  7505 | D:8      | 7505 ||| INVOKING Berserk.
  7508 | D:8      | Killed Psyche
  7621 | D:8      | Found Kayse's Mayhem Merchandise.
  7635 | D:8      | 7635 ||| BUYING +1 broad axe "Xiegok" {freeze, rElec Will-
                  | Str+2} (340 gold).
  7635 | D:8      | Bought the +1 broad axe "Xiegok" {freeze, rElec Will-
                  | Str+2} for 340 gold pieces
  7686 | D:8      | Reached **** piety under Trog
  7694 | D:8      | Identified the +1 robe of the Valley of Death {+Blink Int+4
                  | SInv}
  8053 | D:8      | 8053 ||| DROPPING orb of light.
  8054 | D:8      | 8054 ||| UPGRADING to +0 pair of boots.
  8059 | D:8      | 8059 ||| DROPPING +6 ring of intelligence.
  8060 | D:8      | 8060 ||| READING 3 scrolls of identify.
  8060 | D:8      | 8060 ||| IDENTIFYING yellow potion
  8061 | D:8      | 8061 ||| DROPPING potion of ambrosia.
  8085 | D:9      | 8085 ||| Stepping ~*~*~tactically~*~*~ (stealth).
  8091 | D:9      | 8091 ||| INVOKING Berserk.
  8239 | D:9      | 8239 ||| INVOKING Berserk.
  8403 | D:9      | 8403 ||| DRINKING 3 potions of curing.
  8403 | D:9      | 8403 ||| (to cure confusion)
  8474 | D:9      | 8474 ||| Stepping ~*~*~tactically~*~*~ (hiding).
  8475 | D:9      | 8475 ||| Stepping ~*~*~tactically~*~*~ (hiding).
  8477 | D:9      | 8477 ||| Stepping ~*~*~tactically~*~*~ (hiding).
  8479 | D:9      | 8479 ||| Stepping ~*~*~tactically~*~*~ (hiding).
  8484 | D:9      | Reached XP level 10. HP: 86/88 MP: 9/9
  8547 | D:9      | 8547 ||| Stepping ~*~*~tactically~*~*~ (stealth).
  8549 | D:9      | 8549 ||| Stepping ~*~*~tactically~*~*~ (hiding).
  8576 | D:9      | 8576 ||| DRINKING 2 potions of curing.
  8576 | D:9      | 8576 ||| (to cure confusion)
  8603 | D:9      | Found an ornate altar of the Wu Jian Council.
  8840 | D:10     | Entered Level 10 of the Dungeon
  8843 | D:10     | 8843 ||| STAIRDANCE
  8851 | D:9      | Reached skill level 15 in Axes
  8925 | D:10     | 8925 ||| STAIRDANCE
  8942 | D:10     | 8942 ||| STAIRDANCE
  8949 | D:9      | Reached skill level 9 in Fighting
  8972 | D:10     | 8972 ||| STAIRDANCE
  8983 | D:10     | Reached ***** piety under Trog
  8989 | D:10     | 8989 ||| INVOKING Berserk.
  9169 | D:10     | 9169 ||| Stepping ~*~*~tactically~*~*~ (stealth).
  9171 | D:10     | 9171 ||| Stepping ~*~*~tactically~*~*~ (hiding).
  9172 | D:10     | 9172 ||| Stepping ~*~*~tactically~*~*~ (hiding).
  9181 | D:10     | 9181 ||| Stepping ~*~*~tactically~*~*~ (stealth).
  9302 | D:10     | Found a staircase to the Orcish Mines.
  9349 | D:10     | 9349 ||| Stepping ~*~*~tactically~*~*~ (stealth).
  9450 | D:10     | Noticed a purple ugly thing
  9459 | D:10     | Killed a purple ugly thing
  9460 | D:10     | Reached skill level 6 in Armour
  9530 | D:10     | Found a staircase to the Lair.
  9543 | D:10     | 9543 ||| INVOKING Berserk.
  9877 | D:10     | 9877 ||| PLANNING LAIR
  9919 | Lair:1   | Entered Level 1 of the Lair of Beasts
  9939 | Lair:1   | 9939 ||| INVOKING Berserk.
 10084 | Lair:1   | Noticed a cane toad
 10087 | Lair:1   | 10087 ||| INVOKING Berserk.
 10088 | Lair:1   | Killed a cane toad
 10089 | Lair:1   | Reached XP level 11. HP: 99/99 MP: 10/10
 10210 | Lair:1   | Reached skill level 10 in Fighting
 10281 | Lair:1   | 10281 ||| READING scroll of enchant armour.
 10281 | Lair:1   | 10281 ||| ENCHANTING +0 pair of boots.
 10289 | Lair:1   | You fall into a shaft and drop 1 floor!
 10316 | Lair:2   | 10316 ||| INVOKING Berserk.
 10434 | Lair:2   | 10434 ||| UPGRADING to +4 ring of evasion.
 10440 | Lair:2   | 10440 ||| INVOKING Berserk.
 10508 | Lair:2   | 10508 ||| Stepping ~*~*~tactically~*~*~ (stealth).
 10509 | Lair:2   | 10509 ||| Stepping ~*~*~tactically~*~*~ (stealth).
 10557 | Lair:1   | 10557 ||| Stepping ~*~*~tactically~*~*~ (stealth).
 10560 | Lair:1   | 10560 ||| Stepping ~*~*~tactically~*~*~ (stealth).
 10565 | Lair:1   | 10565 ||| INVOKING Berserk.
 10567 | Lair:1   | Reached skill level 6 in Dodging
 10662 | Lair:1   | Reached skill level 11 in Fighting
 10964 | Lair:1   | 10964 ||| READING scroll of acquirement.
 10964 | Lair:1   | 10964 ||| ACQUIRING +1 hat of intelligence
 10964 | Lair:1   | Acquired a +1 hat of intelligence
 10966 | Lair:1   | 10966 ||| UPGRADING to +1 hat of intelligence.
 11134 | Lair:1   | 11134 ||| READING scroll labelled HISMIO ZUAF.
 11164 | Lair:2   | Reached skill level 12 in Fighting
 11185 | Lair:2   | Found a hide-covered altar of Uskayaw.
 11185 | Lair:2   | Found an ornate altar of the Wu Jian Council.
 11185 | Lair:2   | Noticed a boulder beetle
 11195 | Lair:2   | 11195 ||| INVOKING Brothers in Arms.
 11198 | Lair:2   | 11198 ||| INVOKING Berserk.
 11205 | Lair:2   | Killed a boulder beetle
 11345 | Lair:2   | 11345 ||| INVOKING Berserk.
 11473 | Lair:2   | 11473 ||| INVOKING Berserk.
 11527 | Lair:2   | 11527 ||| INVOKING Berserk.
 11539 | Lair:2   | 11539 ||| Stepping ~*~*~tactically~*~*~ (stealth).
 11621 | Lair:2   | Noticed an eight-headed hydra
 11622 | Lair:2   | 11622 ||| INVOKING Brothers in Arms.
 11623 | Lair:2   | 11623 ||| INVOKING Brothers in Arms.
 11624 | Lair:2   | 11624 ||| INVOKING Berserk.
 11629 | Lair:2   | Killed an 11-headed hydra
 11831 | Lair:2   | 11831 ||| INVOKING Berserk.
 11835 | Lair:2   | Reached skill level 13 in Fighting
 11983 | Lair:2   | 11983 ||| Stepping ~*~*~tactically~*~*~ (stealth).
 11985 | Lair:2   | 11985 ||| Stepping ~*~*~tactically~*~*~ (stealth).
 12042 | Lair:2   | 12042 ||| INVOKING Berserk.
 12047 | Lair:2   | Reached skill level 9 in Armour
 12162 | Lair:2   | Noticed Urug
 12165 | Lair:2   | 12165 ||| INVOKING Berserk.
 12169 | Lair:2   | Killed Urug
 12170 | Lair:2   | Reached skill level 3 in Throwing
 12170 | Lair:2   | Reached XP level 12. HP: 115/115 MP: 9/11
 12259 | Lair:2   | 12259 ||| DRINKING 2 potions of cancellation.
 12423 | Lair:2   | Found a hole to the Spider Nest.
 12471 | Lair:2   | 12471 ||| INVOKING Berserk.
 12844 | Lair:3   | 12844 ||| INVOKING Berserk.
 12853 | Lair:3   | 12853 ||| STAIRDANCE
 12964 | Lair:3   | 12964 ||| INVOKING Berserk.
 13092 | Lair:3   | Found a staircase to the Swamp.
 13107 | Lair:3   | 13107 ||| Stepping ~*~*~tactically~*~*~ (stealth).
 13459 | Lair:3   | 13459 ||| INVOKING Berserk.
 13463 | Lair:3   | Reached skill level 6 in Throwing
 13611 | Lair:3   | Reached skill level 14 in Fighting
 13621 | Lair:3   | 13621 ||| INVOKING Berserk.
 14046 | Lair:3   | 14046 ||| DROPPING scarf of invisibility.
 14092 | Lair:4   | 14092 ||| Stepping ~*~*~tactically~*~*~ (hiding).
 14093 | Lair:4   | 14093 ||| Stepping ~*~*~tactically~*~*~ (hiding).
 14094 | Lair:4   | 14094 ||| Stepping ~*~*~tactically~*~*~ (hiding).
 14293 | Lair:4   | 14293 ||| FLEEEEING.
 14300 | Lair:4   | 14300 ||| FLEEEEING.
 14349 | Lair:4   | 14349 ||| READING scroll of enchant weapon.
 14349 | Lair:4   | 14349 ||| ENCHANTING +1 vampiric war axe.
 14350 | Lair:4   | 14350 ||| DROPPING +1 broad axe "Xiegok" {freeze, rElec
                  | Will- Str+2}.
 14370 | Lair:4   | Noticed a seven-headed hydra
 14371 | Lair:4   | 14371 ||| INVOKING Brothers in Arms.
 14372 | Lair:4   | 14372 ||| INVOKING Brothers in Arms.
 14374 | Lair:4   | 14374 ||| SWAPPING to +0 morningstar.
 14375 | Lair:4   | 14375 ||| INVOKING Berserk.
 14378 | Lair:4   | Killed a seven-headed hydra
 14385 | Lair:4   | 14385 ||| SWAPPING to +2 vampiric war axe.
 14491 | Lair:4   | 14491 ||| READING scroll of enchant weapon.
 14491 | Lair:4   | 14491 ||| ENCHANTING +2 vampiric war axe.
 14527 | Lair:4   | Found a runed translucent door.
 14527 | Lair:4   | Found a viscous altar of Jiyva.
 14530 | Lair:4   | Noticed an azure jelly
 14962 | Lair:4   | Noticed an azure jelly
 14965 | Lair:4   | Found a staircase to the Slime Pits.
 14984 | Lair:5   | Entered Level 5 of the Lair of Beasts
 15033 | Lair:5   | 15033 ||| INVOKING Berserk.
 15075 | Lair:5   | Reached skill level 15 in Fighting
 15168 | Lair:5   | 15168 ||| INVOKING Berserk.
 15172 | Lair:5   | Reached XP level 13. HP: 126/126 MP: 10/12
 15177 | Lair:5   | Reached skill level 9 in Dodging
 15325 | Lair:5   | 15325 ||| INVOKING Berserk.
 15471 | Lair:5   | 15471 ||| INVOKING Berserk.
 15524 | Lair:5   | 15524 ||| FLEEEEING.
 15525 | Lair:5   | 15525 ||| INVOKING Brothers in Arms.
 15528 | Lair:5   | 15528 ||| SWAPPING to +0 morningstar.
 15529 | Lair:5   | 15529 ||| INVOKING Berserk.
 15540 | Lair:5   | 15540 ||| SWAPPING to +3 vampiric war axe.
 15557 | Lair:5   | Reached skill level 16 in Fighting
 15637 | Lair:5   | 15637 ||| INVOKING Berserk.
 15825 | Lair:5   | 15825 ||| INVOKING Berserk.
 16067 | Lair:5   | 16067 ||| READING scroll of enchant armour.
 16067 | Lair:5   | 16067 ||| ENCHANTING +1 hat of intelligence.
 16134 | Lair:5   | 16134 ||| Stepping ~*~*~tactically~*~*~ (stealth).
 16136 | Lair:5   | 16136 ||| INVOKING Berserk.
 16168 | Lair:5   | 16168 ||| Stepping ~*~*~tactically~*~*~ (stealth).
 16506 | Lair:5   | 16506 ||| PLANNING D:1-11
 16506 | Lair:5   | 16506 ||| DROPPING +2 hat.
 16507 | Lair:5   | 16507 ||| DROPPING orb of mayhem.
 16508 | Lair:5   | 16508 ||| READING scroll labelled WOAN GU WUQE.
 16647 | D:11     | 16647 ||| Stepping ~*~*~tactically~*~*~ (stealth).
 16652 | D:11     | 16652 ||| FLEEEEING.
 16654 | D:11     | 16654 ||| STAIRDANCE
 17036 | D:11     | 17036 ||| INVOKING Brothers in Arms.
 17037 | D:11     | 17037 ||| INVOKING Brothers in Arms.
 17039 | D:11     | 17039 ||| SWAPPING to +0 morningstar.
 17040 | D:11     | 17040 ||| INVOKING Berserk.
 17049 | D:11     | 17049 ||| SWAPPING to +3 vampiric war axe.
 17389 | D:11     | 17389 ||| READING 3 scrolls of enchant armour.
 17389 | D:11     | 17389 ||| ENCHANTING +1 pair of boots.
 17390 | D:11     | 17390 ||| READING 2 scrolls of enchant armour.
 17390 | D:11     | 17390 ||| ENCHANTING +0 cloak.
 17391 | D:11     | 17391 ||| READING scroll of enchant armour.
 17391 | D:11     | 17391 ||| ENCHANTING +1 cloak.
 17568 | D:11     | Found a blossoming altar of Fedhas.
 17584 | D:11     | 17584 ||| PLANNING D
 17584 | D:11     | 17584 ||| DROPPING amulet of regeneration.
 17585 | D:11     | 17585 ||| UPGRADING to amulet of reflection.
 17595 | D:11     | 17595 ||| DROPPING amulet of guardian spirit.
 17596 | D:11     | 17596 ||| DROPPING amulet of magic regeneration.
 17597 | D:11     | 17597 ||| READING scroll labelled WYSSITISEF.
 17598 | D:11     | 17598 ||| DRINKING 2 fuming clear potions.
 17599 | D:11     | 17599 ||| READING 11 scrolls of identify.
 17599 | D:11     | 17599 ||| IDENTIFYING blue potion
 17600 | D:11     | 17600 ||| DROPPING potion of brilliance.
 17601 | D:11     | 17601 ||| DROPPING potion of attraction.
 17810 | D:12     | 17810 ||| Stepping ~*~*~tactically~*~*~ (hiding).
 17811 | D:12     | 17811 ||| Stepping ~*~*~tactically~*~*~ (hiding).
 18350 | D:13     | Reached skill level 17 in Fighting
 18359 | D:13     | 18359 ||| Stepping ~*~*~tactically~*~*~ (hiding).
 18360 | D:13     | 18360 ||| Stepping ~*~*~tactically~*~*~ (hiding).
 18361 | D:13     | 18361 ||| Stepping ~*~*~tactically~*~*~ (hiding).
 18395 | D:13     | 18395 ||| INVOKING Berserk.
 18430 | D:13     | Reached skill level 18 in Fighting
 18430 | D:13     | Reached XP level 14. HP: 56/143 MP: 13/13
 18721 | D:13     | 18721 ||| INVOKING Trog's Hand.
 18722 | D:13     | 18722 ||| DRINKING 3 potions of curing.
 18722 | D:13     | 18722 ||| (to cure confusion)
 18723 | D:13     | 18723 ||| Stepping ~*~*~tactically~*~*~ (hiding).
 18726 | D:13     | 18726 ||| Stepping ~*~*~tactically~*~*~ (hiding).
 18727 | D:13     | 18727 ||| Stepping ~*~*~tactically~*~*~ (hiding).
 19025 | D:13     | Found a gate to the Vaults.
 19173 | D:13     | Found Gurisig's Jewellery Boutique.
 19186 | D:13     | 19186 ||| BUYING +4 ring of protection (468 gold).
 19186 | D:13     | Bought a +4 ring of protection for 468 gold pieces
 19186 | D:13     | 19186 ||| BUYING ring of fire (325 gold).
 19186 | D:13     | Bought a ring of fire for 325 gold pieces
 19439 | D:13     | 19439 ||| UPGRADING to +4 ring of protection.
 19441 | D:13     | 19441 ||| DROPPING ring of resist corrosion.
 19442 | D:13     | 19442 ||| DROPPING ring of protection from cold.
 19443 | D:13     | 19443 ||| READING 14 scrolls of identify.
 19443 | D:13     | 19443 ||| IDENTIFYING metallic silvery potion
 19444 | D:13     | 19444 ||| DROPPING potion of berserk rage.
 19553 | D:14     | 19553 ||| Stepping ~*~*~tactically~*~*~ (stealth).
 19555 | D:14     | 19555 ||| INVOKING Berserk.
 19575 | D:14     | Reached skill level 12 in Armour
 19589 | D:14     | 19589 ||| Stepping ~*~*~tactically~*~*~ (stealth).
 19761 | D:14     | Found a portal to a secret trove of treasure.
 19763 | D:14     | 19763 ||| INVOKING Berserk.
 19878 | D:14     | Found Ludaecwe's Assorted Antiques.
 19886 | D:14     | 19886 ||| SHOPLISTING 2 potions of haste (540 gold, have
                  | 244).
 19886 | D:14     | 19886 ||| SHOPLISTING potion of haste (270 gold, have 244).
 19919 | D:14     | Found a glowing golden altar of the Shining One.
 19922 | D:14     | Noticed Rupert
 19923 | D:14     | 19923 ||| INVOKING Trog's Hand.
 19926 | D:14     | 19926 ||| INVOKING Berserk.
 19938 | D:14     | Killed Rupert
 20081 | D:14     | Identified the amulet "Kidoirch" {Acrobat rPois Str+3
                  | Dex-4}
 20117 | D:14     | Found a runed translucent door.
 20117 | D:14     | Noticed qw's ghost (journeyman GrFi)
 20163 | D:14     | 20163 ||| Stepping ~*~*~tactically~*~*~ (hiding).
 20290 | D:14     | 20290 ||| INVOKING Berserk.
 20461 | D:14     | Identified the +0 plate armour of Supple Strength {Contam
                  | rElec Int+8 SInv}
 20501 | D:14     | Noticed Snorg
 20502 | D:14     | 20502 ||| INVOKING Berserk.
 20507 | D:14     | Killed Snorg
 20879 | D:14     | 20879 ||| UPGRADING to +0 plate armour of Supple Strength
                  | {Contam rElec Int+8 SInv}.
 20889 | D:14     | 20889 ||| UPGRADING to amulet "Kidoirch" {Acrobat rPois
                  | Str+3 Dex-4}.
 20910 | D:15     | Entered Level 15 of the Dungeon
 20974 | D:15     | 20974 ||| Stepping ~*~*~tactically~*~*~ (stealth).
 20976 | D:15     | 20976 ||| INVOKING Berserk.
 21427 | D:15     | Found a one-way gate to the infinite horrors of the Abyss.
 21427 | D:15     | Found a corrupted altar of Lugonu.
 21491 | D:15     | 21491 ||| INVOKING Berserk.
 21505 | D:15     | 21505 ||| Stepping ~*~*~tactically~*~*~ (hiding).
 21687 | D:15     | 21687 ||| INVOKING Berserk.
 21884 | D:15     | 21884 ||| Stepping ~*~*~tactically~*~*~ (stealth).
 21885 | D:15     | 21885 ||| Stepping ~*~*~tactically~*~*~ (stealth).
 21888 | D:15     | 21888 ||| Stepping ~*~*~tactically~*~*~ (stealth).
 21889 | D:15     | 21889 ||| Stepping ~*~*~tactically~*~*~ (stealth).
 21978 | D:15     | 21978 ||| Stepping ~*~*~tactically~*~*~ (stealth).
 21981 | D:15     | 21981 ||| Stepping ~*~*~tactically~*~*~ (hiding).
 21982 | D:15     | 21982 ||| Stepping ~*~*~tactically~*~*~ (hiding).
 22258 | D:15     | Found a staircase to the Depths.
 22381 | D:15     | Found Pyne's Weapon Shop.
 22389 | D:15     | 22389 ||| BUYING +3 hand axe of flaming (291 gold).
 22389 | D:15     | Bought a +3 hand axe of flaming for 291 gold pieces
 22389 | D:15     | 22389 ||| DROPPING +0 morningstar.
 22533 | D:15     | 22533 ||| PLANNING ORC
 22533 | D:15     | 22533 ||| DROPPING scarf of shadows.
 22682 | Orc:1    | Entered Level 1 of the Orcish Mines
 22730 | Orc:2    | Entered Level 2 of the Orcish Mines
 22735 | Orc:2    | 22735 ||| STAIRDANCE
 22740 | Orc:2    | 22740 ||| Stepping ~*~*~tactically~*~*~ (hiding).
 22742 | Orc:2    | 22742 ||| Stepping ~*~*~tactically~*~*~ (hiding).
 22747 | Orc:2    | 22747 ||| Stepping ~*~*~tactically~*~*~ (stealth).
 22748 | Orc:2    | 22748 ||| Stepping ~*~*~tactically~*~*~ (stealth).
 22805 | Orc:2    | 22805 ||| Stepping ~*~*~tactically~*~*~ (stealth).
 22806 | Orc:2    | 22806 ||| Stepping ~*~*~tactically~*~*~ (stealth).
 22809 | Orc:2    | 22809 ||| Stepping ~*~*~tactically~*~*~ (stealth).
 22811 | Orc:2    | 22811 ||| Stepping ~*~*~tactically~*~*~ (hiding).
 22816 | Orc:2    | 22816 ||| Stepping ~*~*~tactically~*~*~ (stealth).
 22822 | Orc:2    | 22822 ||| Stepping ~*~*~tactically~*~*~ (stealth).
 22823 | Orc:2    | 22823 ||| Stepping ~*~*~tactically~*~*~ (stealth).
 22837 | Orc:2    | 22837 ||| Stepping ~*~*~tactically~*~*~ (stealth).
 22838 | Orc:2    | 22838 ||| Stepping ~*~*~tactically~*~*~ (stealth).
 22845 | Orc:2    | 22845 ||| Stepping ~*~*~tactically~*~*~ (stealth).
 22846 | Orc:2    | 22846 ||| Stepping ~*~*~tactically~*~*~ (stealth).
 22855 | Orc:2    | Found a staircase to the Elven Halls.
 22860 | Orc:2    | 22860 ||| Stepping ~*~*~tactically~*~*~ (hiding).
 22865 | Orc:2    | 22865 ||| INVOKING Berserk.
 23116 | Orc:2    | 23116 ||| Stepping ~*~*~tactically~*~*~ (stealth).
 23117 | Orc:2    | 23117 ||| Stepping ~*~*~tactically~*~*~ (stealth).
 23118 | Orc:2    | 23118 ||| INVOKING Trog's Hand.
 23120 | Orc:2    | 23120 ||| INVOKING Berserk.
 23141 | Orc:2    | Found Evean's Magic Scroll Boutique.
 23270 | Orc:2    | 23270 ||| BUYING scroll of brand weapon (171 gold).
 23270 | Orc:2    | Bought a scroll of brand weapon for 171 gold pieces
 23270 | Orc:2    | 23270 ||| BUYING scroll of enchant weapon (135 gold).
 23270 | Orc:2    | Bought a scroll of enchant weapon for 135 gold pieces
 23270 | Orc:2    | 23270 ||| BUYING scroll of teleportation (54 gold).
 23270 | Orc:2    | Bought a scroll of teleportation for 54 gold pieces
 23270 | Orc:2    | 23270 ||| READING scroll of enchant weapon.
 23270 | Orc:2    | 23270 ||| ENCHANTING +3 vampiric war axe.
 23284 | Orc:2    | Found a radiant altar of Vehumet.
 23284 | Orc:2    | Noticed Erolcha
 23285 | Orc:2    | 23285 ||| INVOKING Trog's Hand.
 23287 | Orc:2    | 23287 ||| INVOKING Berserk.
 23296 | Orc:2    | Killed Erolcha
 23297 | Orc:2    | Reached skill level 15 in Armour
 23314 | Orc:2    | Noticed Nergalle
 23315 | Orc:2    | 23315 ||| Stepping ~*~*~tactically~*~*~ (hiding).
 23330 | Orc:2    | Killed Nergalle
 23331 | Orc:2    | 23331 ||| FLEEEEING.
 23332 | Orc:2    | 23332 ||| FLEEEEING.
 23333 | Orc:2    | 23333 ||| FLEEEEING.
 23334 | Orc:2    | 23334 ||| DRINKING 4 potions of curing.
 23334 | Orc:2    | 23334 ||| (to cure confusion)
 23335 | Orc:2    | 23335 ||| FLEEEEING.
 23336 | Orc:2    | 23336 ||| FLEEEEING.
 23348 | Orc:2    | 23348 ||| INVOKING Trog's Hand.
 23352 | Orc:2    | 23352 ||| INVOKING Berserk.
 23472 | Orc:2    | Found Kuerhaes's Antique Weapon Boutique.
 23479 | Orc:2    | 23479 ||| Stepping ~*~*~tactically~*~*~ (hiding).
 23507 | Orc:2    | Found Ifrex's Book Shop.
 23524 | Orc:2    | Found an ancient bone altar of Kikubaaqudgha.
 23534 | Orc:2    | 23534 ||| INVOKING Trog's Hand.
 23535 | Orc:2    | 23535 ||| INVOKING Berserk.
 23649 | Orc:2    | Found Ceqecw's Jewellery Shop.
 23658 | Orc:2    | 23658 ||| SHOPLISTING ring "Juulis" {rElec rF+ rCorr Str+2
                  | Slay-5 SInv} (544 gold, have 108).
 23737 | Orc:2    | Found Guiwkidi's Book Shop.
 23740 | Orc:2    | 23740 ||| INVOKING Trog's Hand.
 23744 | Orc:2    | 23744 ||| Stepping ~*~*~tactically~*~*~ (hiding).
 23746 | Orc:2    | 23746 ||| INVOKING Berserk.
 23792 | Orc:2    | 23792 ||| INVOKING Brothers in Arms.
 23794 | Orc:2    | 23794 ||| INVOKING Trog's Hand.
 23811 | Orc:2    | Reached XP level 15. HP: 149/149 MP: 14/14
 23826 | Orc:2    | 23826 ||| INVOKING Berserk.
 24381 | Orc:1    | Found Aneof's Assorted Antiques.
 24412 | Orc:1    | Noticed an orc warlord
 24412 | Orc:1    | 24412 ||| INVOKING Brothers in Arms.
 24413 | Orc:1    | 24413 ||| INVOKING Brothers in Arms.
 24414 | Orc:1    | 24414 ||| INVOKING Brothers in Arms.
 24423 | Orc:1    | 24423 ||| INVOKING Berserk.
 24434 | Orc:1    | Killed an orc warlord
 24567 | Orc:1    | 24567 ||| BUYING potion of haste (230 gold).
 24567 | Orc:1    | Bought a potion of haste for 230 gold pieces
 24636 | Orc:1    | 24636 ||| Stepping ~*~*~tactically~*~*~ (hiding).
 24639 | Orc:1    | 24639 ||| Stepping ~*~*~tactically~*~*~ (hiding).
 24643 | Orc:1    | 24643 ||| Stepping ~*~*~tactically~*~*~ (hiding).
 24675 | Orc:1    | 24675 ||| INVOKING Berserk.
 24820 | Orc:1    | 24820 ||| INVOKING Berserk.
 25391 | Orc:1    | 25391 ||| PLANNING SWAMP:1-3
 25564 | Swamp:1  | Entered Level 1 of the Swamp
 25568 | Swamp:1  | 25568 ||| INVOKING Berserk.
 25661 | Swamp:1  | 25661 ||| INVOKING Brothers in Arms.
 25664 | Swamp:1  | 25664 ||| SWAPPING to +3 hand axe of flaming.
 25667 | Swamp:1  | 25667 ||| SWAPPING to +4 vampiric war axe.
 25672 | Swamp:1  | 25672 ||| SWAPPING to +3 hand axe of flaming.
 25677 | Swamp:1  | 25677 ||| SWAPPING to +4 vampiric war axe.
 25692 | Swamp:1  | 25692 ||| INVOKING Berserk.
 25696 | Swamp:1  | Reached skill level 19 in Fighting
 25888 | Swamp:1  | You fall into a shaft and drop 1 floor!
 26046 | Swamp:2  | 26046 ||| READING 3 scrolls of acquirement.
 26046 | Swamp:2  | 26046 ||| ACQUIRING +2 cloak of the Thief {*Fog Slay-2 SInv
                  | Stlth+}
 26046 | Swamp:2  | Acquired the +2 cloak of the Thief {*Fog Slay-2 SInv
                  | Stlth+}
 26046 | Swamp:2  | Found the +2 cloak of the Thief {*Fog Slay-2 SInv Stlth+}
 26048 | Swamp:2  | 26048 ||| UPGRADING to +0 buckler.
 26053 | Swamp:2  | 26053 ||| READING 2 scrolls of acquirement.
 26053 | Swamp:2  | 26053 ||| ACQUIRING 594 gold pieces
 26053 | Swamp:2  | Acquired 594 gold pieces
 26055 | Swamp:2  | 26055 ||| READING scroll of acquirement.
 26055 | Swamp:2  | 26055 ||| ACQUIRING 957 gold pieces
 26055 | Swamp:2  | Acquired 957 gold pieces
 26094 | Swamp:2  | Reached skill level 1 in Shields
 26094 | Swamp:2  | 26094 ||| Stepping ~*~*~tactically~*~*~ (cloud).
 26109 | Swamp:2  | 26109 ||| Stepping ~*~*~tactically~*~*~ (hiding).
 26110 | Swamp:2  | 26110 ||| INVOKING Berserk.
 26237 | Swamp:2  | 26237 ||| INVOKING Berserk.
 26244 | Swamp:2  | Reached skill level 3 in Shields
 26602 | Swamp:1  | Identified the +1 helmet of the Midnight Sun {+Blink rCorr
                  | Dex-4 Stlth-}
 26791 | Swamp:1  | 26791 ||| DROPPING scarf of repulsion.
 26869 | Swamp:2  | 26869 ||| Stepping ~*~*~tactically~*~*~ (hiding).
 26871 | Swamp:2  | 26871 ||| INVOKING Berserk.
 27168 | Swamp:2  | 27168 ||| INVOKING Brothers in Arms.
 27170 | Swamp:2  | 27170 ||| SWAPPING to +3 hand axe of flaming.
 27175 | Swamp:2  | 27175 ||| SWAPPING to +4 vampiric war axe.
 27207 | Swamp:2  | Identified the +3 plate armour of the Endless Expanse
                  | {Str+4}
 27356 | Swamp:2  | 27356 ||| INVOKING Berserk.
 27618 | Swamp:2  | 27618 ||| INVOKING Berserk.
 27750 | Swamp:2  | 27750 ||| DROPPING +8 scale mail of Sunlight {rElec
                  | Slay+3}.
 27751 | Swamp:2  | 27751 ||| DROPPING +1 chain mail of fire resistance.
 27752 | Swamp:2  | 27752 ||| DROPPING +1 plate armour of cold resistance.
 27807 | Swamp:3  | Reached skill level 6 in Shields
 27814 | Swamp:3  | 27814 ||| INVOKING Berserk.
 27836 | Swamp:3  | 27836 ||| INVOKING Brothers in Arms.
 27838 | Swamp:3  | 27838 ||| Stepping ~*~*~tactically~*~*~ (water).
 27935 | Swamp:3  | 27935 ||| Stepping ~*~*~tactically~*~*~ (hiding).
 27971 | Swamp:3  | 27971 ||| Stepping ~*~*~tactically~*~*~ (hiding).
 27973 | Swamp:3  | 27973 ||| Stepping ~*~*~tactically~*~*~ (hiding).
 28081 | Swamp:3  | 28081 ||| INVOKING Brothers in Arms.
 28082 | Swamp:3  | 28082 ||| SWAPPING to +3 hand axe of flaming.
 28086 | Swamp:3  | 28086 ||| SWAPPING to +4 vampiric war axe.
 28098 | Swamp:3  | 28098 ||| SWAPPING to +3 hand axe of flaming.
 28102 | Swamp:3  | 28102 ||| SWAPPING to +4 vampiric war axe.
 28153 | Swamp:3  | 28153 ||| INVOKING Berserk.
 28193 | Swamp:3  | 28193 ||| Stepping ~*~*~tactically~*~*~ (stealth).
 28196 | Swamp:3  | 28196 ||| FLEEEEING.
 28197 | Swamp:3  | 28197 ||| FLEEEEING.
 28198 | Swamp:3  | 28198 ||| FLEEEEING.
 28458 | Swamp:3  | 28458 ||| PLANNING SPIDER:1-3
 28518 | Spider:1 | Entered Level 1 of the Spider Nest
 28529 | Spider:1 | 28529 ||| Stepping ~*~*~tactically~*~*~ (stealth).
 28541 | Spider:1 | Reached skill level 9 in Shields
 28636 | Spider:1 | 28636 ||| Stepping ~*~*~tactically~*~*~ (stealth).
 28640 | Spider:1 | 28640 ||| Stepping ~*~*~tactically~*~*~ (stealth).
 28682 | Spider:1 | 28682 ||| Stepping ~*~*~tactically~*~*~ (stealth).
 28779 | Spider:1 | Reached XP level 16. HP: 160/160 MP: 15/15
 28801 | Spider:1 | Received a gift from Trog
 28843 | Spider:1 | 28843 ||| Stepping ~*~*~tactically~*~*~ (stealth).
 28851 | Spider:1 | 28851 ||| Stepping ~*~*~tactically~*~*~ (stealth).
 29050 | Spider:1 | 29050 ||| INVOKING Berserk.
 29054 | Spider:1 | Reached skill level 18 in Armour
 29200 | Spider:1 | Identified the +1 scale mail of the Beggar {Str+3 Int+3}
 29355 | Spider:1 | 29355 ||| Stepping ~*~*~tactically~*~*~ (stealth).
 29526 | Spider:1 | 29526 ||| Stepping ~*~*~tactically~*~*~ (stealth).
 29549 | Spider:1 | Reached skill level 12 in Shields
 29555 | Spider:1 | 29555 ||| INVOKING Brothers in Arms.
 29809 | Spider:1 | 29809 ||| DROPPING ring of see invisible.
 29895 | Spider:2 | 29895 ||| INVOKING Brothers in Arms.
 30071 | Spider:2 | 30071 ||| READING scroll of enchant weapon.
 30071 | Spider:2 | 30071 ||| ENCHANTING +4 vampiric war axe.
 30241 | Spider:2 | 30241 ||| Stepping ~*~*~tactically~*~*~ (stealth).
 30384 | Spider:2 | 30384 ||| INVOKING Berserk.
 30590 | Spider:2 | 30590 ||| INVOKING Berserk.
 30730 | Spider:2 | 30730 ||| SWAPPING to +0 vampiric broad axe.
 30731 | Spider:2 | 30731 ||| DROPPING +5 vampiric war axe.
 30774 | Spider:2 | 30774 ||| Stepping ~*~*~tactically~*~*~ (hiding).
 30776 | Spider:2 | 30776 ||| INVOKING Brothers in Arms.
 30777 | Spider:2 | 30777 ||| INVOKING Brothers in Arms.
 30812 | Spider:2 | 30812 ||| INVOKING Brothers in Arms.
 31178 | Spider:2 | 31178 ||| Stepping ~*~*~tactically~*~*~ (stealth).
 31191 | Spider:2 | 31191 ||| Stepping ~*~*~tactically~*~*~ (stealth).
 31215 | Spider:2 | 31215 ||| Stepping ~*~*~tactically~*~*~ (hiding).
 31221 | Spider:2 | 31221 ||| Stepping ~*~*~tactically~*~*~ (stealth).
 31528 | Spider:3 | 31528 ||| INVOKING Berserk.
 31714 | Spider:3 | 31714 ||| INVOKING Brothers in Arms.
 31724 | Spider:3 | 31724 ||| INVOKING Berserk.
 31755 | Spider:3 | 31755 ||| INVOKING Brothers in Arms.
 32045 | Spider:3 | 32045 ||| Stepping ~*~*~tactically~*~*~ (stealth).
 32095 | Spider:3 | 32095 ||| Stepping ~*~*~tactically~*~*~ (stealth).
 32146 | Spider:3 | 32146 ||| FLEEEEING.
 32311 | Spider:3 | 32311 ||| INVOKING Berserk.
 32312 | Spider:3 | Noticed Donald
 32334 | Spider:3 | Killed Donald
 32760 | Spider:3 | 32760 ||| INVOKING Berserk.
 32762 | Spider:3 | Reached skill level 18 in Axes
 32768 | Spider:3 | Reached skill level 20 in Fighting
 33203 | Spider:3 | 33203 ||| PLANNING SWAMP:4
 33203 | Spider:3 | 33203 ||| UPGRADING to +0 kite shield of reflection.
 33213 | Spider:3 | 33213 ||| DROPPING +0 buckler.
 33324 | Swamp:4  | Entered Level 4 of the Swamp
 33327 | Swamp:4  | 33327 ||| Stepping ~*~*~tactically~*~*~ (hiding).
 33329 | Swamp:4  | 33329 ||| Stepping ~*~*~tactically~*~*~ (hiding).
 33337 | Swamp:4  | 33337 ||| INVOKING Berserk.
 33473 | Swamp:4  | 33473 ||| READING 11 scrolls of teleportation.
 33813 | Swamp:4  | Identified the +5 whip of Entrepreneurial Spirit {vorpal,
                  | Str+3}
 33826 | Swamp:4  | 33826 ||| INVOKING Berserk.
 33840 | Swamp:4  | 33840 ||| INVOKING Brothers in Arms.
 33843 | Swamp:4  | 33843 ||| SWAPPING to +3 hand axe of flaming.
 33845 | Swamp:4  | 33845 ||| Stepping ~*~*~tactically~*~*~ (water).
 33846 | Swamp:4  | 33846 ||| SWAPPING to +0 vampiric broad axe.
 33895 | Swamp:4  | 33895 ||| INVOKING Berserk.
 33979 | Swamp:4  | 33979 ||| Stepping ~*~*~tactically~*~*~ (stealth).
 33980 | Swamp:4  | 33980 ||| Stepping ~*~*~tactically~*~*~ (stealth).
 33984 | Swamp:4  | 33984 ||| Stepping ~*~*~tactically~*~*~ (stealth).
 33986 | Swamp:4  | 33986 ||| Stepping ~*~*~tactically~*~*~ (stealth).
 33988 | Swamp:4  | 33988 ||| INVOKING Brothers in Arms.
 33989 | Swamp:4  | 33989 ||| INVOKING Brothers in Arms.
 33990 | Swamp:4  | 33990 ||| Stepping ~*~*~tactically~*~*~ (stealth).
 33992 | Swamp:4  | 33992 ||| Stepping ~*~*~tactically~*~*~ (hiding).
 33993 | Swamp:4  | 33993 ||| INVOKING Brothers in Arms.
 33994 | Swamp:4  | 33994 ||| SWAPPING to +3 hand axe of flaming.
 33996 | Swamp:4  | 33996 ||| SWAPPING to +0 vampiric broad axe.
 34058 | Swamp:4  | 34058 ||| Stepping ~*~*~tactically~*~*~ (hiding).
 34109 | Swamp:4  | 34109 ||| Stepping ~*~*~tactically~*~*~ (hiding).
 34119 | Swamp:4  | 34119 ||| SWAPPING to +3 hand axe of flaming.
 34121 | Swamp:4  | 34121 ||| Stepping ~*~*~tactically~*~*~ (water).
 34125 | Swamp:4  | Reached XP level 17. HP: 163/169 MP: 16/16
 34125 | Swamp:4  | 34125 ||| SWAPPING to +0 vampiric broad axe.
 34128 | Swamp:4  | Noticed the 27-headed Lernaean hydra
 34129 | Swamp:4  | 34129 ||| SWAPPING to +3 hand axe of flaming.
 34136 | Swamp:4  | 34136 ||| INVOKING Berserk.
 34142 | Swamp:4  | HP: 62/255 [the 18-headed Lernaean hydra (7)]
 34143 | Swamp:4  | Killed the 17-headed Lernaean hydra
 34148 | Swamp:4  | HP: 52/255 [poisoned by a swamp dragon (blast of poison)]
 34153 | Swamp:4  | HP: 47/255 [poisoned by a swamp dragon (blast of poison)]
 34158 | Swamp:4  | HP: 45/255 [poisoned by a swamp drake (noxious blast)]
 34162 | Swamp:4  | 34162 ||| READING 10 scrolls of teleportation.
 34163 | Swamp:4  | 34163 ||| DRINKING 5 potions of heal wounds.
 34164 | Swamp:4  | 34164 ||| SWAPPING to +0 vampiric broad axe.
 34549 | Swamp:4  | Noticed Bai Suzhen
 34550 | Swamp:4  | 34550 ||| INVOKING Brothers in Arms.
 34553 | Swamp:4  | 34553 ||| SWAPPING to +3 hand axe of flaming.
 34554 | Swamp:4  | 34554 ||| INVOKING Berserk.
 34573 | Swamp:4  | Killed Bai Suzhen
 34576 | Swamp:4  | 34576 ||| Stepping ~*~*~tactically~*~*~ (cloud).
 34577 | Swamp:4  | 34577 ||| SWAPPING to +0 vampiric broad axe.
 34847 | Swamp:4  | 34847 ||| SWAPPING to +3 hand axe of flaming.
 34848 | Swamp:4  | 34848 ||| SWAPPING to +0 vampiric broad axe.
 34849 | Swamp:4  | 34849 ||| SWAPPING to +3 hand axe of flaming.
 34862 | Swamp:4  | 34862 ||| SWAPPING to +0 vampiric broad axe.
 34917 | Swamp:4  | Got a decaying rune of Zot
 34966 | Swamp:4  | 34966 ||| Stepping ~*~*~tactically~*~*~ (hiding).
 35247 | Swamp:4  | 35247 ||| PLANNING VAULTS:1-4
 35459 | Vaults:1 | Entered Level 1 of the Vaults
 35472 | Vaults:1 | 35472 ||| Stepping ~*~*~tactically~*~*~ (hiding).
 35476 | Vaults:1 | 35476 ||| Stepping ~*~*~tactically~*~*~ (stealth).
 35482 | Vaults:1 | 35482 ||| INVOKING Berserk.
 35693 | Vaults:1 | 35693 ||| INVOKING Brothers in Arms.
 35698 | Vaults:1 | 35698 ||| INVOKING Berserk.
 35832 | Vaults:1 | 35832 ||| DROPPING +3 hand axe of flaming.
 35846 | Vaults:1 | 35846 ||| INVOKING Berserk.
 35849 | Vaults:1 | Reached skill level 9 in Throwing
 35868 | Vaults:1 | Reached skill level 15 in Shields
 36145 | Vaults:1 | 36145 ||| INVOKING Trog's Hand.
 36269 | Vaults:1 | 36269 ||| Stepping ~*~*~tactically~*~*~ (hiding).
 36284 | Vaults:1 | 36284 ||| Stepping ~*~*~tactically~*~*~ (hiding).
 36300 | Vaults:1 | Received a gift from Trog
 36340 | Vaults:1 | 36340 ||| INVOKING Trog's Hand.
 36416 | Vaults:1 | 36416 ||| INVOKING Brothers in Arms.
 36417 | Vaults:1 | 36417 ||| INVOKING Berserk.
 36605 | Vaults:1 | 36605 ||| Stepping ~*~*~tactically~*~*~ (stealth).
 36606 | Vaults:1 | 36606 ||| Stepping ~*~*~tactically~*~*~ (stealth).
 36613 | Vaults:1 | 36613 ||| INVOKING Berserk.
 37201 | Vaults:1 | 37201 ||| Stepping ~*~*~tactically~*~*~ (hiding).
 37203 | Vaults:1 | 37203 ||| Stepping ~*~*~tactically~*~*~ (hiding).
 37206 | Vaults:1 | 37206 ||| Stepping ~*~*~tactically~*~*~ (hiding).
 37209 | Vaults:1 | 37209 ||| INVOKING Trog's Hand.
 37372 | Vaults:1 | 37372 ||| Stepping ~*~*~tactically~*~*~ (stealth).
 37529 | Vaults:2 | 37529 ||| STAIRDANCE
 37539 | Vaults:2 | 37539 ||| STAIRDANCE
 37556 | Vaults:2 | 37556 ||| STAIRDANCE
 37676 | Vaults:2 | 37676 ||| INVOKING Berserk.
 37900 | Vaults:2 | Found Leiros's General Store.
 37902 | Vaults:2 | Noticed Asterion
 37903 | Vaults:2 | 37903 ||| Stepping ~*~*~tactically~*~*~ (hiding).
 37905 | Vaults:2 | 37905 ||| INVOKING Berserk.
 37913 | Vaults:2 | Killed Asterion
 38028 | Vaults:2 | 38028 ||| BUYING +1 plate armour of poison resistance (544
                  | gold).
 38028 | Vaults:2 | Bought a +1 plate armour of poison resistance for 544 gold
                  | pieces
 38028 | Vaults:2 | 38028 ||| BUYING potion of cancellation (136 gold).
 38028 | Vaults:2 | Bought a potion of cancellation for 136 gold pieces
 38028 | Vaults:2 | 38028 ||| BUYING wand of digging (7) (499 gold).
 38028 | Vaults:2 | Bought a wand of digging (7) for 499 gold pieces
 38050 | Vaults:2 | 38050 ||| Stepping ~*~*~tactically~*~*~ (hiding).
 38052 | Vaults:2 | 38052 ||| Stepping ~*~*~tactically~*~*~ (hiding).
 38060 | Vaults:2 | 38060 ||| Stepping ~*~*~tactically~*~*~ (hiding).
 38145 | Vaults:2 | 38145 ||| Stepping ~*~*~tactically~*~*~ (hiding).
 38146 | Vaults:2 | 38146 ||| Stepping ~*~*~tactically~*~*~ (hiding).
 38151 | Vaults:2 | 38151 ||| Stepping ~*~*~tactically~*~*~ (hiding).
 38157 | Abyss:2  | Cast into level 2 of the Abyss (a wizard)
 38227 | Abyss:2  | 38227 ||| INVOKING Trog's Hand.
 38231 | Abyss:2  | Reached XP level 18. HP: 178/178 MP: 17/17
 38231 | Abyss:2  | 38231 ||| DROPPING +2 war axe of flaming.
 38267 | Abyss:2  | 38267 ||| INVOKING Trog's Hand.
 38275 | Abyss:2  | 38275 ||| Stepping ~*~*~tactically~*~*~ (stealth).
 38283 | Abyss:2  | 38283 ||| INVOKING Trog's Hand.
 38288 | Abyss:2  | 38288 ||| Stepping ~*~*~tactically~*~*~ (stealth).
 38313 | Abyss:2  | 38313 ||| INVOKING Trog's Hand.
 38335 | Abyss:2  | 38335 ||| INVOKING Trog's Hand.
 38413 | Abyss:2  | 38413 ||| Stepping ~*~*~tactically~*~*~ (stealth).
 38418 | Abyss:2  | 38418 ||| Stepping ~*~*~tactically~*~*~ (hiding).
 38424 | Abyss:2  | 38424 ||| Stepping ~*~*~tactically~*~*~ (hiding).
 38426 | Abyss:2  | 38426 ||| Stepping ~*~*~tactically~*~*~ (hiding).
 38445 | Abyss:2  | 38445 ||| Stepping ~*~*~tactically~*~*~ (stealth).
 38446 | Abyss:2  | 38446 ||| Stepping ~*~*~tactically~*~*~ (stealth).
 38447 | Abyss:2  | 38447 ||| Stepping ~*~*~tactically~*~*~ (stealth).
 38459 | Vaults:2 | Escaped the Abyss
 38504 | Vaults:2 | 38504 ||| Stepping ~*~*~tactically~*~*~ (hiding).
 38531 | Vaults:2 | 38531 ||| DRINKING 7 potions of curing.
 38531 | Vaults:2 | 38531 ||| (to cure confusion)
 38604 | Vaults:2 | Found Keuhaer's General Store.
 38611 | Vaults:2 | 38611 ||| BUYING potion of mutation (152 gold).
 38611 | Vaults:2 | Bought a potion of mutation for 152 gold pieces
 38661 | Vaults:2 | 38661 ||| INVOKING Berserk.
 38889 | Vaults:2 | Found Zydghe's Assorted Antiques.
 38901 | Vaults:2 | 38901 ||| BUYING potion of heal wounds (105 gold).
 38901 | Vaults:2 | Bought a potion of heal wounds for 105 gold pieces
 38901 | Vaults:2 | 38901 ||| BUYING runed plate armour (546 gold).
 38901 | Vaults:2 | Bought a runed plate armour for 546 gold pieces
 38901 | Vaults:2 | 38901 ||| BUYING scroll of teleportation (63 gold).
 38901 | Vaults:2 | Bought a scroll of teleportation for 63 gold pieces
 38901 | Vaults:2 | 38901 ||| BUYING scroll of teleportation (63 gold).
 38901 | Vaults:2 | Bought a scroll of teleportation for 63 gold pieces
 38908 | Vaults:2 | 38908 ||| INVOKING Trog's Hand.
 38919 | Vaults:2 | 38919 ||| INVOKING Trog's Hand.
 38988 | Vaults:2 | 38988 ||| INVOKING Berserk.
 39083 | Vaults:2 | 39083 ||| INVOKING Berserk.
 39195 | Vaults:2 | 39195 ||| INVOKING Trog's Hand.
 39209 | Vaults:2 | 39209 ||| READING 14 scrolls of teleportation.
 39228 | Vaults:2 | Found Sypaaxku's Assorted Antiques.
 39239 | Vaults:2 | 39239 ||| BUYING granite ring (160 gold).
 39239 | Vaults:2 | Bought a granite ring for 160 gold pieces
 39239 | Vaults:2 | 39239 ||| BUYING potion of curing (96 gold).
 39239 | Vaults:2 | Bought a potion of curing for 96 gold pieces
 39263 | Vaults:2 | 39263 ||| Stepping ~*~*~tactically~*~*~ (stealth).
 39295 | Vaults:2 | 39295 ||| Stepping ~*~*~tactically~*~*~ (hiding).
 39300 | Vaults:2 | 39300 ||| INVOKING Trog's Hand.
 39328 | Vaults:2 | 39328 ||| Stepping ~*~*~tactically~*~*~ (stealth).
 39576 | Vaults:2 | 39576 ||| Stepping ~*~*~tactically~*~*~ (stealth).
 39584 | Vaults:2 | 39584 ||| INVOKING Trog's Hand.
 39648 | Vaults:2 | 39648 ||| Stepping ~*~*~tactically~*~*~ (stealth).
 39712 | Vaults:2 | 39712 ||| Stepping ~*~*~tactically~*~*~ (hiding).
 39714 | Vaults:2 | 39714 ||| Stepping ~*~*~tactically~*~*~ (hiding).
 39715 | Vaults:2 | 39715 ||| Stepping ~*~*~tactically~*~*~ (hiding).
 39717 | Vaults:2 | 39717 ||| Stepping ~*~*~tactically~*~*~ (hiding).
 39782 | Vaults:2 | 39782 ||| Stepping ~*~*~tactically~*~*~ (stealth).
 39971 | Vaults:2 | 39971 ||| Stepping ~*~*~tactically~*~*~ (hiding).
 39975 | Vaults:2 | 39975 ||| Stepping ~*~*~tactically~*~*~ (stealth).
 39987 | Vaults:2 | 39987 ||| INVOKING Trog's Hand.
 40305 | Vaults:2 | 40305 ||| DROPPING ring of wizardry.
 40486 | Vaults:3 | 40486 ||| INVOKING Trog's Hand.
 40486 | Vaults:3 | Noticed Agnes
 40487 | Vaults:3 | 40487 ||| INVOKING Berserk.
 40511 | Vaults:3 | Killed Agnes
 40517 | Vaults:3 | 40517 ||| INVOKING Trog's Hand.
 40525 | Vaults:3 | HP: 14/180 [black draconian knight/bolt of cold (40)]
 40526 | Vaults:3 | 40526 ||| READING 13 scrolls of teleportation.
 40527 | Vaults:3 | 40527 ||| DRINKING 5 potions of heal wounds.
 40528 | Vaults:3 | 40528 ||| DRINKING 4 potions of heal wounds.
 40810 | Vaults:3 | 40810 ||| READING 12 scrolls of teleportation.
 40902 | Vaults:3 | 40902 ||| INVOKING Berserk.
 41201 | Vaults:3 | 41201 ||| INVOKING Trog's Hand.
 41322 | Vaults:3 | 41322 ||| INVOKING Trog's Hand.
 41355 | Vaults:3 | Reached skill level 21 in Fighting
 41552 | Vaults:3 | 41552 ||| Stepping ~*~*~tactically~*~*~ (stealth).
 41555 | Vaults:3 | 41555 ||| Stepping ~*~*~tactically~*~*~ (stealth).
 41562 | Vaults:3 | 41562 ||| INVOKING Berserk.
 41568 | Vaults:3 | Reached skill level 18 in Shields
 41695 | Vaults:3 | 41695 ||| READING scroll of enchant weapon.
 41695 | Vaults:3 | 41695 ||| ENCHANTING +0 vampiric broad axe.
 41702 | Vaults:3 | 41702 ||| INVOKING Trog's Hand.
 42033 | Vaults:3 | 42033 ||| INVOKING Berserk.
 42308 | Vaults:3 | Noticed Xtahua
 42309 | Vaults:3 | 42309 ||| INVOKING Trog's Hand.
 42310 | Vaults:3 | 42310 ||| DRINKING 6 potions of resistance.
 42312 | Vaults:3 | 42312 ||| INVOKING Berserk.
 42323 | Vaults:3 | Killed Xtahua
 42489 | Vaults:3 | Reached skill level 12 in Throwing
 42512 | Vaults:3 | 42512 ||| INVOKING Berserk.
 42536 | Vaults:3 | Reached XP level 19. HP: 94/189 MP: 18/18
 42767 | Vaults:3 | Found a staircase to the Crypt.
 42973 | Vaults:3 | 42973 ||| DROPPING scarf of harm.
 43147 | Vaults:4 | 43147 ||| INVOKING Trog's Hand.
 43159 | Vaults:4 | 43159 ||| Stepping ~*~*~tactically~*~*~ (stealth).
 43160 | Vaults:4 | 43160 ||| Stepping ~*~*~tactically~*~*~ (stealth).
 43234 | Vaults:4 | 43234 ||| Stepping ~*~*~tactically~*~*~ (hiding).
 43239 | Vaults:4 | 43239 ||| INVOKING Trog's Hand.
 43307 | Vaults:4 | 43307 ||| Stepping ~*~*~tactically~*~*~ (hiding).
 43308 | Vaults:4 | 43308 ||| Stepping ~*~*~tactically~*~*~ (hiding).
 43321 | Vaults:4 | 43321 ||| Stepping ~*~*~tactically~*~*~ (hiding).
 43410 | Vaults:4 | 43410 ||| FLEEEEING.
 43411 | Vaults:4 | 43411 ||| FLEEEEING.
 43412 | Vaults:4 | 43412 ||| FLEEEEING.
 43413 | Vaults:4 | 43413 ||| FLEEEEING.
 43414 | Vaults:4 | 43414 ||| FLEEEEING.
 43415 | Vaults:4 | 43415 ||| FLEEEEING.
 43416 | Vaults:4 | 43416 ||| FLEEEEING.
 43417 | Vaults:4 | 43417 ||| FLEEEEING.
 43418 | Vaults:4 | 43418 ||| FLEEEEING.
 43423 | Vaults:4 | 43423 ||| FLEEEEING.
 43430 | Vaults:4 | 43430 ||| Stepping ~*~*~tactically~*~*~ (stealth).
 43439 | Vaults:4 | 43439 ||| INVOKING Berserk.
 43503 | Vaults:4 | 43503 ||| FLEEEEING.
 43504 | Vaults:4 | 43504 ||| FLEEEEING.
 43686 | Vaults:4 | 43686 ||| Stepping ~*~*~tactically~*~*~ (hiding).
 43688 | Vaults:4 | 43688 ||| INVOKING Brothers in Arms.
 43689 | Vaults:4 | 43689 ||| INVOKING Brothers in Arms.
 43690 | Vaults:4 | 43690 ||| INVOKING Brothers in Arms.
 43691 | Vaults:4 | 43691 ||| INVOKING Brothers in Arms.
 43692 | Vaults:4 | 43692 ||| INVOKING Berserk.
 43797 | Vaults:4 | 43797 ||| Stepping ~*~*~tactically~*~*~ (hiding).
 43823 | Vaults:4 | Reached skill level 22 in Fighting
 43863 | Vaults:4 | 43863 ||| Stepping ~*~*~tactically~*~*~ (hiding).
 43873 | Vaults:4 | 43873 ||| INVOKING Trog's Hand.
 44136 | Vaults:4 | 44136 ||| Stepping ~*~*~tactically~*~*~ (hiding).
 44137 | Vaults:4 | 44137 ||| Stepping ~*~*~tactically~*~*~ (hiding).
 44140 | Vaults:4 | 44140 ||| INVOKING Brothers in Arms.
 44141 | Vaults:4 | 44141 ||| INVOKING Berserk.
 44157 | Vaults:4 | 44157 ||| INVOKING Trog's Hand.
 44277 | Vaults:4 | 44277 ||| Stepping ~*~*~tactically~*~*~ (stealth).
 44288 | Vaults:4 | 44288 ||| Stepping ~*~*~tactically~*~*~ (stealth).
 44290 | Vaults:4 | 44290 ||| Stepping ~*~*~tactically~*~*~ (hiding).
 44293 | Vaults:4 | 44293 ||| Stepping ~*~*~tactically~*~*~ (hiding).
 44514 | Vaults:4 | 44514 ||| Stepping ~*~*~tactically~*~*~ (hiding).
 44542 | Vaults:4 | 44542 ||| Stepping ~*~*~tactically~*~*~ (hiding).
 44578 | Vaults:4 | 44578 ||| Stepping ~*~*~tactically~*~*~ (stealth).
 44615 | Vaults:4 | 44615 ||| FLEEEEING.
 44616 | Vaults:4 | 44616 ||| FLEEEEING.
 44617 | Vaults:4 | 44617 ||| FLEEEEING.
 44620 | Vaults:4 | 44620 ||| FLEEEEING.
 44621 | Vaults:4 | 44621 ||| FLEEEEING.
 44622 | Vaults:4 | 44622 ||| FLEEEEING.
 44623 | Vaults:4 | 44623 ||| FLEEEEING.
 44624 | Vaults:4 | 44624 ||| FLEEEEING.
 44625 | Vaults:4 | 44625 ||| FLEEEEING.
 44631 | Vaults:4 | 44631 ||| INVOKING Trog's Hand.
 44644 | Vaults:4 | 44644 ||| Stepping ~*~*~tactically~*~*~ (hiding).
 44645 | Vaults:4 | 44645 ||| FLEEEEING.
 44647 | Vaults:4 | 44647 ||| Stepping ~*~*~tactically~*~*~ (hiding).
 44652 | Vaults:4 | Reached skill level 21 in Armour
 44943 | Vaults:4 | 44943 ||| Stepping ~*~*~tactically~*~*~ (stealth).
 44945 | Vaults:4 | 44945 ||| Stepping ~*~*~tactically~*~*~ (hiding).
 44946 | Vaults:4 | 44946 ||| Stepping ~*~*~tactically~*~*~ (hiding).
 44949 | Vaults:4 | 44949 ||| INVOKING Trog's Hand.
 44961 | Vaults:4 | 44961 ||| Stepping ~*~*~tactically~*~*~ (hiding).
 44963 | Vaults:4 | 44963 ||| Stepping ~*~*~tactically~*~*~ (hiding).
 45006 | Vaults:4 | 45006 ||| PLANNING SPIDER:4
 45006 | Vaults:4 | 45006 ||| DROPPING +6 ring of dexterity.
 45352 | Spider:4 | Entered Level 4 of the Spider Nest
 45372 | Spider:4 | 45372 ||| INVOKING Berserk.
 45660 | Spider:4 | Noticed Aizul
 45662 | Spider:4 | 45662 ||| INVOKING Trog's Hand.
 45663 | Spider:4 | 45663 ||| Stepping ~*~*~tactically~*~*~ (hiding).
 45664 | Spider:4 | 45664 ||| INVOKING Brothers in Arms.
 45668 | Spider:4 | 45668 ||| INVOKING Berserk.
 45680 | Spider:4 | Killed Aizul
 46057 | Spider:4 | 46057 ||| Stepping ~*~*~tactically~*~*~ (hiding).
 46255 | Spider:4 | Identified the +3 falchion "Cisoumubb" {flame, +Blink rN+
                  | Str-3 Stlth+}
 46300 | Spider:4 | 46300 ||| Stepping ~*~*~tactically~*~*~ (stealth).
 46381 | Spider:4 | 46381 ||| Stepping ~*~*~tactically~*~*~ (stealth).
 46437 | Spider:4 | 46437 ||| Stepping ~*~*~tactically~*~*~ (stealth).
 46504 | Spider:4 | 46504 ||| Stepping ~*~*~tactically~*~*~ (stealth).
 46506 | Spider:4 | 46506 ||| Stepping ~*~*~tactically~*~*~ (stealth).
 46517 | Spider:4 | Paralysed by a jorogumo for 2 turns
 46535 | Spider:4 | Reached skill level 23 in Fighting
 46544 | Spider:4 | Received a gift from Trog
 46763 | Spider:4 | 46763 ||| FLEEEEING.
 46927 | Spider:4 | Got a gossamer rune of Zot
 46992 | Spider:4 | 46992 ||| INVOKING Berserk.
 47002 | Spider:4 | Reached XP level 20. HP: 203/203 MP: 19/19
 47136 | Spider:4 | 47136 ||| PLANNING DEPTHS
 47136 | Spider:4 | 47136 ||| DROPPING +1 plate armour of poison resistance.
 47137 | Spider:4 | 47137 ||| DROPPING scarf of harm.
 47138 | Spider:4 | 47138 ||| DROPPING scarf of repulsion.
 47139 | Spider:4 | 47139 ||| UPGRADING to amulet of reflection.
 47149 | Spider:4 | 47149 ||| DROPPING amulet "Kidoirch" {Acrobat rPois Str+3
                  | Dex-4}.
 47449 | Depths:1 | Entered Level 1 of the Depths
 47468 | Depths:1 | 47468 ||| Stepping ~*~*~tactically~*~*~ (stealth).
 47472 | Depths:1 | 47472 ||| Stepping ~*~*~tactically~*~*~ (hiding).
 47478 | Depths:1 | 47478 ||| Stepping ~*~*~tactically~*~*~ (hiding).
 47493 | Depths:1 | 47493 ||| Stepping ~*~*~tactically~*~*~ (hiding).
 47508 | Depths:1 | 47508 ||| INVOKING Berserk.
 47798 | Depths:1 | Found a gateway to Hell.
 47862 | Depths:1 | Found a shimmering blue altar of Sif Muna.
 47880 | Depths:1 | 47880 ||| Stepping ~*~*~tactically~*~*~ (hiding).
 47955 | Depths:1 | 47955 ||| INVOKING Brothers in Arms.
 47959 | Depths:1 | 47959 ||| INVOKING Berserk.
 48009 | Depths:1 | 48009 ||| Stepping ~*~*~tactically~*~*~ (stealth).
 48010 | Depths:1 | 48010 ||| Stepping ~*~*~tactically~*~*~ (stealth).
 48096 | Depths:1 | 48096 ||| Stepping ~*~*~tactically~*~*~ (hiding).
 48208 | Depths:1 | 48208 ||| Stepping ~*~*~tactically~*~*~ (hiding).
 48211 | Depths:1 | 48211 ||| Stepping ~*~*~tactically~*~*~ (stealth).
 48212 | Depths:1 | 48212 ||| INVOKING Berserk.
 48218 | Depths:1 | Reached skill level 12 in Dodging
 48343 | Depths:1 | 48343 ||| INVOKING Berserk.
 48592 | Depths:1 | 48592 ||| INVOKING Berserk.
 48602 | Depths:1 | 48602 ||| Stepping ~*~*~tactically~*~*~ (hiding).
 48618 | Depths:1 | 48618 ||| Stepping ~*~*~tactically~*~*~ (stealth).
 48624 | Depths:1 | 48624 ||| INVOKING Trog's Hand.
 48929 | Depths:1 | Identified the amulet "Dieq" {Reflect rCorr Int-4 Dex+5
                  | SH+5}
 48931 | Depths:1 | Identified the ring "Naofaska" {rF+ rN+ EV+4 Str+4}
 48933 | Depths:1 | Identified the +5 glaive "Fyappaut" {vorpal, rC+}
 48972 | Depths:1 | 48972 ||| Stepping ~*~*~tactically~*~*~ (hiding).
 48979 | Depths:1 | 48979 ||| INVOKING Berserk.
 49050 | Depths:1 | Noticed a caustic shrike
 49051 | Depths:1 | 49051 ||| Stepping ~*~*~tactically~*~*~ (stealth).
 49135 | Depths:1 | 49135 ||| Stepping ~*~*~tactically~*~*~ (hiding).
 49166 | Depths:1 | 49166 ||| Stepping ~*~*~tactically~*~*~ (stealth).
 49168 | Depths:1 | 49168 ||| INVOKING Berserk.
 49173 | Depths:1 | Killed a caustic shrike
 49345 | Depths:1 | 49345 ||| Stepping ~*~*~tactically~*~*~ (stealth).
 49384 | Depths:1 | Found a one-way gate leading to the halls of Pandemonium.
 49397 | Depths:1 | 49397 ||| INVOKING Berserk.
 49745 | Depths:1 | 49745 ||| Stepping ~*~*~tactically~*~*~ (hiding).
 49748 | Depths:1 | 49748 ||| Stepping ~*~*~tactically~*~*~ (hiding).
 49826 | Depths:1 | 49826 ||| INVOKING Berserk.
 49910 | Depths:1 | Identified the ring "Durenk" {Fire Dex+4 Stlth+}
 50023 | Depths:1 | 50023 ||| Stepping ~*~*~tactically~*~*~ (hiding).
 50175 | Depths:1 | 50175 ||| Stepping ~*~*~tactically~*~*~ (stealth).
 50176 | Depths:1 | 50176 ||| Stepping ~*~*~tactically~*~*~ (stealth).
 50197 | Depths:1 | Identified the +11 rapier of the Moon {vorpal, rF++ rC+}
 50198 | Depths:1 | 50198 ||| UPGRADING to amulet "Dieq" {Reflect rCorr Int-4
                  | Dex+5 SH+5}.
 50208 | Depths:1 | 50208 ||| DROPPING amulet of reflection.
 50209 | Depths:1 | 50209 ||| DROPPING ring of fire.
 50210 | Depths:1 | 50210 ||| UPGRADING to ring "Naofaska" {rF+ rN+ EV+4
                  | Str+4}.
 50212 | Depths:1 | 50212 ||| DROPPING +6 ring of strength.
 50213 | Depths:1 | 50213 ||| DROPPING +4 ring of evasion.
 50280 | Depths:2 | 50280 ||| Stepping ~*~*~tactically~*~*~ (hiding).
 50281 | Depths:2 | 50281 ||| Stepping ~*~*~tactically~*~*~ (hiding).
 50315 | Depths:2 | Found a hide-covered altar of Uskayaw.
 50391 | Depths:2 | 50391 ||| INVOKING Berserk.
 50433 | Depths:2 | 50433 ||| INVOKING Trog's Hand.
 50434 | Depths:2 | 50434 ||| INVOKING Brothers in Arms.
 50435 | Depths:2 | 50435 ||| INVOKING Brothers in Arms.
 50436 | Depths:2 | 50436 ||| INVOKING Brothers in Arms.
 50574 | Depths:2 | 50574 ||| Stepping ~*~*~tactically~*~*~ (stealth).
 50721 | Depths:2 | 50721 ||| UPGRADING to +0 kite shield of poison resistance.
 50863 | Depths:2 | Noticed Mara
 50864 | Depths:2 | 50864 ||| INVOKING Trog's Hand.
 50865 | Depths:2 | Noticed qw's illusion
 50865 | Depths:2 | 50865 ||| STAIRDANCE
 50935 | Depths:2 | 50935 ||| INVOKING Trog's Hand.
 50936 | Depths:2 | 50936 ||| STAIRDANCE
 50938 | Depths:1 | 50938 ||| INVOKING Berserk.
 50944 | Depths:1 | Noticed qw's illusion
 50949 | Depths:1 | Killed Mara
 50950 | Depths:1 | Reached skill level 15 in Dodging
 51008 | Depths:2 | 51008 ||| STAIRDANCE
 51072 | Depths:2 | 51072 ||| STAIRDANCE
 51296 | Depths:2 | 51296 ||| STAIRDANCE
 51397 | Depths:2 | 51397 ||| INVOKING Trog's Hand.
 51401 | Depths:2 | 51401 ||| INVOKING Berserk.
 51415 | Depths:2 | 51415 ||| STAIRDANCE
 51512 | Depths:3 | 51512 ||| INVOKING Berserk.
 51538 | Depths:3 | 51538 ||| STAIRDANCE
 51643 | Depths:3 | 51643 ||| STAIRDANCE
 51685 | Depths:3 | 51685 ||| Stepping ~*~*~tactically~*~*~ (hiding).
 51688 | Depths:3 | 51688 ||| INVOKING Trog's Hand.
 51739 | Depths:3 | 51739 ||| READING scroll of enchant weapon.
 51739 | Depths:3 | 51739 ||| ENCHANTING +1 vampiric broad axe.
 51959 | Depths:3 | Noticed a juggernaut
 51988 | Depths:3 | Identified the ring of Wihufyiteo {Fire Will+++ Int+4
                  | Stlth-}
 52005 | Depths:3 | Found a transporter.
 52014 | Depths:3 | Identified the ring "Guezotroylu" {Will++ MP+9 Str-3 Dex+3}
 52020 | Depths:3 | Noticed a caustic shrike
 52203 | Depths:2 | 52203 ||| INVOKING Brothers in Arms.
 52218 | Depths:2 | 52218 ||| INVOKING Berserk.
 52225 | Depths:2 | Reached XP level 21. HP: 211/211 MP: 20/20
 52248 | Depths:2 | Noticed Sojobo
 52249 | Depths:2 | 52249 ||| INVOKING Brothers in Arms.
 52263 | Depths:2 | Killed Sojobo
 52288 | Depths:2 | 52288 ||| INVOKING Trog's Hand.
 52289 | Depths:2 | 52289 ||| INVOKING Berserk.
 52534 | Depths:2 | 52534 ||| INVOKING Berserk.
 52674 | Depths:2 | Reached skill level 24 in Fighting
 52725 | Depths:2 | 52725 ||| INVOKING Berserk.
 53047 | Depths:2 | 53047 ||| DROPPING +4 ring of slaying {mikee}.
 53076 | Depths:4 | Entered Level 4 of the Depths
 53077 | Depths:4 | 53077 ||| PLANNING BAZAAR
 53078 | Depths:4 | 53078 ||| INVOKING Trog's Hand.
 53089 | Depths:4 | 53089 ||| Stepping ~*~*~tactically~*~*~ (hiding).
 53141 | Depths:4 | Noticed a juggernaut
 53142 | Depths:4 | 53142 ||| Stepping ~*~*~tactically~*~*~ (stealth).
 53143 | Depths:4 | 53143 ||| Stepping ~*~*~tactically~*~*~ (stealth).
 53148 | Depths:4 | 53148 ||| INVOKING Berserk.
 53155 | Depths:4 | Killed a juggernaut
 53196 | Depths:4 | 53196 ||| Stepping ~*~*~tactically~*~*~ (stealth).
 53261 | Depths:4 | 53261 ||| INVOKING Berserk.
 53400 | Depths:4 | 53400 ||| Stepping ~*~*~tactically~*~*~ (hiding).
 53401 | Depths:4 | 53401 ||| Stepping ~*~*~tactically~*~*~ (hiding).
 53405 | Depths:4 | 53405 ||| INVOKING Berserk.
 53422 | Depths:4 | Found a gate to the Realm of Zot.
 53429 | Depths:4 | Noticed a golden dragon
 53430 | Depths:4 | 53430 ||| INVOKING Brothers in Arms.
 53467 | Depths:4 | 53467 ||| INVOKING Berserk.
 53474 | Depths:4 | Killed a golden dragon
 53518 | Depths:4 | 53518 ||| Stepping ~*~*~tactically~*~*~ (hiding).
 53524 | Depths:4 | 53524 ||| FLEEEEING.
 53525 | Depths:4 | 53525 ||| FLEEEEING.
 53529 | Depths:4 | 53529 ||| FLEEEEING.
 53530 | Depths:4 | 53530 ||| FLEEEEING.
 53556 | Depths:4 | 53556 ||| INVOKING Berserk.
 53690 | Depths:4 | Found a one-way gateway to a ziggurat.
 53719 | Depths:4 | 53719 ||| INVOKING Berserk.
 53869 | Depths:4 | Noticed a juggernaut
 53873 | Depths:4 | 53873 ||| INVOKING Berserk.
 53880 | Depths:4 | Killed a juggernaut
 53881 | Depths:4 | Reached skill level 25 in Fighting
 53919 | Depths:4 | 53919 ||| RIP BAZAAR
 53985 | Depths:4 | 53985 ||| PLANNING DEPTHS
 54041 | Depths:4 | 54041 ||| Stepping ~*~*~tactically~*~*~ (stealth).
 54042 | Depths:4 | 54042 ||| Stepping ~*~*~tactically~*~*~ (stealth).
 54086 | Depths:4 | 54086 ||| FLEEEEING.
 54087 | Depths:4 | 54087 ||| FLEEEEING.
 54088 | Depths:4 | 54088 ||| FLEEEEING.
 54089 | Depths:4 | 54089 ||| FLEEEEING.
 54090 | Depths:4 | 54090 ||| FLEEEEING.
 54091 | Depths:4 | 54091 ||| FLEEEEING.
 54092 | Depths:4 | 54092 ||| FLEEEEING.
 54093 | Depths:4 | 54093 ||| FLEEEEING.
 54094 | Depths:4 | 54094 ||| FLEEEEING.
 54096 | Depths:4 | 54096 ||| FLEEEEING.
 54097 | Depths:4 | 54097 ||| FLEEEEING.
 54098 | Depths:4 | 54098 ||| FLEEEEING.
 54099 | Depths:4 | 54099 ||| FLEEEEING.
 54100 | Depths:4 | 54100 ||| FLEEEEING.
 54101 | Depths:4 | 54101 ||| FLEEEEING.
 54102 | Depths:4 | 54102 ||| FLEEEEING.
 54103 | Depths:4 | 54103 ||| FLEEEEING.
 54104 | Depths:4 | 54104 ||| FLEEEEING.
 54105 | Depths:4 | 54105 ||| FLEEEEING.
 54235 | Depths:4 | 54235 ||| Stepping ~*~*~tactically~*~*~ (stealth).
 54356 | Depths:4 | 54356 ||| Stepping ~*~*~tactically~*~*~ (hiding).
 54389 | Depths:4 | 54389 ||| INVOKING Brothers in Arms.
 54393 | Depths:4 | 54393 ||| INVOKING Berserk.
 54528 | Depths:4 | 54528 ||| Stepping randomly (cloudy).
 54529 | Depths:4 | 54529 ||| Stepping ~*~*~tactically~*~*~ (cloud).
 54530 | Depths:4 | 54530 ||| FLEEEEING.
 54531 | Depths:4 | 54531 ||| FLEEEEING.
 54532 | Depths:4 | 54532 ||| FLEEEEING.
 54534 | Depths:4 | 54534 ||| Stepping ~*~*~tactically~*~*~ (stealth).
 54535 | Depths:4 | 54535 ||| FLEEEEING.
 54536 | Depths:4 | 54536 ||| Stepping ~*~*~tactically~*~*~ (stealth).
 54543 | Depths:4 | Noticed a caustic shrike
 54543 | Depths:4 | Noticed a caustic shrike
 54543 | Depths:4 | Noticed a caustic shrike
 54544 | Depths:4 | 54544 ||| Stepping ~*~*~tactically~*~*~ (stealth).
 54546 | Depths:4 | 54546 ||| Stepping ~*~*~tactically~*~*~ (stealth).
 54547 | Depths:4 | Noticed a caustic shrike
 54548 | Depths:4 | 54548 ||| INVOKING Berserk.
 54554 | Depths:4 | Killed a caustic shrike
 54556 | Depths:4 | Killed a caustic shrike
 54566 | Depths:4 | Killed a caustic shrike
 54571 | Depths:4 | Killed a caustic shrike
 54811 | Depths:4 | 54811 ||| Stepping ~*~*~tactically~*~*~ (hiding).
 55010 | Depths:4 | 55010 ||| PLANNING VAULTS:5
 55305 | Vaults:5 | Entered Level 5 of the Vaults
 55307 | Vaults:5 | 55307 ||| STAIRDANCE
 55323 | Vaults:5 | 55323 ||| STAIRDANCE
 55342 | Vaults:4 | 55342 ||| DROPPING +1 plate armour of fire resistance.
 55346 | Vaults:5 | 55346 ||| STAIRDANCE
 55360 | Vaults:4 | Reached XP level 22. HP: 226/226 MP: 21/21
 55378 | Vaults:5 | 55378 ||| STAIRDANCE
 55404 | Vaults:5 | 55404 ||| STAIRDANCE
 55434 | Vaults:5 | 55434 ||| INVOKING Trog's Hand.
 55467 | Vaults:5 | 55467 ||| INVOKING Berserk.
 55476 | Vaults:5 | 55476 ||| INVOKING Brothers in Arms.
 55477 | Vaults:5 | 55477 ||| INVOKING Brothers in Arms.
 55478 | Vaults:5 | 55478 ||| INVOKING Brothers in Arms.
 55479 | Vaults:5 | 55479 ||| INVOKING Brothers in Arms.
 55482 | Vaults:5 | Noticed a golden dragon
 55490 | Vaults:5 | 55490 ||| INVOKING Brothers in Arms.
 55491 | Vaults:5 | 55491 ||| INVOKING Brothers in Arms.
 55492 | Vaults:5 | Noticed an ancient lich
 55493 | Vaults:5 | 55493 ||| INVOKING Trog's Hand.
 55500 | Vaults:5 | HP: 52/210 [golden dragon (12)]
 55501 | Vaults:5 | 55501 ||| READING 15 scrolls of teleportation.
 55502 | Vaults:5 | 55502 ||| DRINKING 4 potions of heal wounds.
 55524 | Vaults:5 | 55524 ||| INVOKING Trog's Hand.
 55526 | Vaults:5 | 55526 ||| INVOKING Berserk.
 55539 | Vaults:5 | Killed an ancient lich
 55547 | Vaults:5 | Identified the ring of Rasinus {Fly Int+5}
 55548 | Vaults:5 | 55548 ||| Stepping ~*~*~tactically~*~*~ (hiding).
 55561 | Vaults:5 | 55561 ||| INVOKING Trog's Hand.
 55578 | Vaults:5 | Reached skill level 18 in Dodging
 55578 | Vaults:5 | Noticed an ancient lich
 55579 | Vaults:5 | 55579 ||| Stepping ~*~*~tactically~*~*~ (hiding).
 55588 | Vaults:5 | Killed an ancient lich
 55589 | Vaults:5 | 55589 ||| INVOKING Brothers in Arms.
 55593 | Vaults:5 | 55593 ||| INVOKING Trog's Hand.
 55648 | Vaults:5 | Got a silver rune of Zot
 55660 | Vaults:5 | 55660 ||| INVOKING Berserk.
 55815 | Vaults:5 | Identified the +6 shortbow of Growth {speed, rF- rC+
                  | Stlth+}
 55829 | Vaults:5 | 55829 ||| Stepping ~*~*~tactically~*~*~ (stealth).
 55836 | Vaults:5 | 55836 ||| Stepping ~*~*~tactically~*~*~ (stealth).
 55840 | Vaults:5 | 55840 ||| Stepping ~*~*~tactically~*~*~ (stealth).
 55841 | Vaults:5 | 55841 ||| Stepping ~*~*~tactically~*~*~ (stealth).
 55890 | Vaults:5 | 55890 ||| Stepping ~*~*~tactically~*~*~ (hiding).
 55893 | Vaults:5 | 55893 ||| INVOKING Berserk.
 56062 | Vaults:5 | Found the +9 sword of Zonguldrok {reap}
 56071 | Vaults:5 | 56071 ||| Stepping ~*~*~tactically~*~*~ (hiding).
 56074 | Vaults:5 | 56074 ||| Stepping ~*~*~tactically~*~*~ (stealth).
 56075 | Vaults:5 | 56075 ||| Stepping ~*~*~tactically~*~*~ (hiding).
 56076 | Vaults:5 | 56076 ||| Stepping ~*~*~tactically~*~*~ (hiding).
 56089 | Vaults:5 | 56089 ||| INVOKING Berserk.
 56109 | Vaults:5 | 56109 ||| Stepping ~*~*~tactically~*~*~ (hiding).
 56111 | Vaults:5 | 56111 ||| Stepping ~*~*~tactically~*~*~ (hiding).
 56112 | Vaults:5 | 56112 ||| Stepping ~*~*~tactically~*~*~ (hiding).
 56113 | Vaults:5 | 56113 ||| Stepping ~*~*~tactically~*~*~ (hiding).
 56115 | Vaults:5 | 56115 ||| Stepping ~*~*~tactically~*~*~ (hiding).
 56117 | Vaults:5 | 56117 ||| Stepping ~*~*~tactically~*~*~ (hiding).
 56118 | Vaults:5 | 56118 ||| Stepping ~*~*~tactically~*~*~ (hiding).
 56131 | Vaults:5 | 56131 ||| FLEEEEING.
 56132 | Vaults:5 | 56132 ||| FLEEEEING.
 56232 | Vaults:5 | 56232 ||| Stepping ~*~*~tactically~*~*~ (hiding).
 56235 | Vaults:5 | 56235 ||| Stepping ~*~*~tactically~*~*~ (hiding).
 56239 | Vaults:5 | 56239 ||| INVOKING Trog's Hand.
 56240 | Vaults:5 | 56240 ||| INVOKING Berserk.
 56265 | Vaults:5 | 56265 ||| Stepping ~*~*~tactically~*~*~ (stealth).
 56426 | Vaults:5 | 56426 ||| INVOKING Trog's Hand.
 56432 | Vaults:5 | 56432 ||| INVOKING Berserk.
 56657 | Vaults:5 | Reached skill level 26 in Fighting
 56662 | Vaults:5 | 56662 ||| INVOKING Berserk.
 56717 | Vaults:5 | 56717 ||| FLEEEEING.
 56739 | Vaults:5 | 56739 ||| INVOKING Berserk.
 56750 | Vaults:5 | Noticed a golden dragon
 56755 | Vaults:5 | 56755 ||| INVOKING Brothers in Arms.
 56760 | Vaults:5 | Killed a golden dragon
 56871 | Vaults:5 | 56871 ||| Stepping ~*~*~tactically~*~*~ (stealth).
 56873 | Vaults:5 | 56873 ||| Stepping ~*~*~tactically~*~*~ (hiding).
 56879 | Vaults:5 | Paralysed by a floating eye for 2 turns
 56882 | Vaults:5 | 56882 ||| INVOKING Berserk.
 56892 | Vaults:5 | Killed a golden dragon
 56927 | Vaults:5 | 56927 ||| FLEEEEING.
 56940 | Vaults:5 | 56940 ||| Stepping ~*~*~tactically~*~*~ (stealth).
 56948 | Vaults:5 | 56948 ||| INVOKING Berserk.
 57125 | Vaults:5 | 57125 ||| Stepping ~*~*~tactically~*~*~ (stealth).
 57196 | Vaults:5 | 57196 ||| INVOKING Trog's Hand.
 57344 | Vaults:5 | 57344 ||| READING scroll of enchant weapon.
 57344 | Vaults:5 | 57344 ||| ENCHANTING +2 vampiric broad axe.
 57590 | Vaults:5 | 57590 ||| INVOKING Berserk.
 57736 | Vaults:5 | 57736 ||| PLANNING SHOPPING SPREE
 57736 | Vaults:5 | 57736 ||| DROPPING +3 plate armour.
 58075 | D:3      | 58075 ||| BUYING potion of resistance (100 gold).
 58075 | D:3      | Bought a potion of resistance for 100 gold pieces
 58075 | D:3      | 58075 ||| BUYING scroll of enchant armour (75 gold).
 58075 | D:3      | Bought a scroll of enchant armour for 75 gold pieces
 58075 | D:3      | 58075 ||| BUYING scroll of teleportation (30 gold).
 58075 | D:3      | Bought a scroll of teleportation for 30 gold pieces
 58132 | D:4      | 58132 ||| BUYING potion of haste (130 gold).
 58132 | D:4      | Bought a potion of haste for 130 gold pieces
 58421 | D:14     | 58421 ||| BUYING 2 potions of haste (540 gold).
 58421 | D:14     | Bought 2 potions of haste for 540 gold pieces
 58421 | D:14     | 58421 ||| BUYING potion of haste (270 gold).
 58421 | D:14     | Bought a potion of haste for 270 gold pieces
 58699 | Orc:2    | 58699 ||| BUYING ring "Juulis" {rElec rF+ rCorr Str+2
                  | Slay-5 SInv} (544 gold).
 58699 | Orc:2    | Bought the ring "Juulis" {rElec rF+ rCorr Str+2 Slay-5
                  | SInv} for 544 gold pieces
 58701 | Orc:2    | 58701 ||| PLANNING ZOT:1-4
 58959 | Zot:1    | Entered Level 1 of the Realm of Zot
 58994 | Zot:1    | 58994 ||| INVOKING Berserk.
 59127 | Zot:1    | 59127 ||| Stepping ~*~*~tactically~*~*~ (hiding).
 59132 | Zot:1    | Noticed an orb of fire
 59133 | Zot:1    | 59133 ||| DRINKING 6 potions of resistance.
 59133 | Zot:1    | Gained mutation: You are clumsy. (Dex -2) [an orb of fire]
 59135 | Zot:1    | 59135 ||| DRINKING 5 potions of resistance.
 59137 | Zot:1    | 59137 ||| INVOKING Berserk.
 59155 | Zot:1    | Killed an orb of fire
 59168 | Zot:1    | 59168 ||| Stepping ~*~*~tactically~*~*~ (hiding).
 59181 | Zot:1    | 59181 ||| Stepping ~*~*~tactically~*~*~ (hiding).
 59272 | Zot:1    | 59272 ||| Stepping ~*~*~tactically~*~*~ (stealth).
 59276 | Zot:1    | 59276 ||| Stepping ~*~*~tactically~*~*~ (stealth).
 59278 | Zot:1    | 59278 ||| INVOKING Berserk.
 59411 | Zot:1    | 59411 ||| Stepping ~*~*~tactically~*~*~ (hiding).
 59421 | Zot:1    | 59421 ||| INVOKING Berserk.
 59641 | Zot:1    | 59641 ||| Stepping ~*~*~tactically~*~*~ (hiding).
 59644 | Zot:1    | 59644 ||| Stepping ~*~*~tactically~*~*~ (hiding).
 59705 | Zot:1    | 59705 ||| INVOKING Berserk.
 59870 | Zot:1    | 59870 ||| Stepping ~*~*~tactically~*~*~ (hiding).
 59874 | Zot:1    | 59874 ||| INVOKING Berserk.
 60037 | Zot:1    | 60037 ||| Stepping ~*~*~tactically~*~*~ (hiding).
 60043 | Zot:1    | Identified the +6 trident of the Head {vorpal, Dex+6}
 60050 | Zot:1    | Reached XP level 23. HP: 223/236 MP: 22/22
 60065 | Zot:1    | 60065 ||| INVOKING Berserk.
 60091 | Zot:1    | 60091 ||| Stepping ~*~*~tactically~*~*~ (cloud).
 60291 | Zot:1    | 60291 ||| READING scroll of enchant weapon.
 60291 | Zot:1    | 60291 ||| ENCHANTING +3 vampiric broad axe.
 60314 | Zot:1    | 60314 ||| INVOKING Berserk.
 60431 | Zot:1    | 60431 ||| Stepping ~*~*~tactically~*~*~ (hiding).
 60458 | Zot:1    | 60458 ||| Stepping ~*~*~tactically~*~*~ (hiding).
 60459 | Zot:1    | 60459 ||| Stepping ~*~*~tactically~*~*~ (hiding).
 60467 | Zot:1    | 60467 ||| Stepping ~*~*~tactically~*~*~ (hiding).
 60469 | Zot:1    | 60469 ||| Stepping ~*~*~tactically~*~*~ (hiding).
 60677 | Zot:1    | 60677 ||| Stepping ~*~*~tactically~*~*~ (hiding).
 60682 | Zot:1    | 60682 ||| INVOKING Berserk.
 60821 | Zot:1    | 60821 ||| INVOKING Berserk.
 61028 | Zot:2    | Reached skill level 15 in Throwing
 61034 | Zot:2    | 61034 ||| INVOKING Berserk.
 61350 | Zot:2    | 61350 ||| Stepping ~*~*~tactically~*~*~ (hiding).
 61351 | Zot:2    | 61351 ||| Stepping ~*~*~tactically~*~*~ (hiding).
 61356 | Zot:2    | 61356 ||| INVOKING Berserk.
 61460 | Zot:2    | 61460 ||| Stepping ~*~*~tactically~*~*~ (stealth).
 61462 | Zot:2    | 61462 ||| Stepping ~*~*~tactically~*~*~ (hiding).
 61551 | Zot:2    | 61551 ||| INVOKING Berserk.
 61552 | Zot:2    | Noticed a Killer Klown
 61576 | Zot:2    | Reached skill level 24 in Armour
 61604 | Zot:2    | Killed a Killer Klown
 61802 | Zot:2    | 61802 ||| INVOKING Brothers in Arms.
 61803 | Zot:2    | 61803 ||| INVOKING Brothers in Arms.
 61804 | Zot:2    | 61804 ||| INVOKING Brothers in Arms.
 61806 | Zot:2    | 61806 ||| INVOKING Berserk.
 61923 | Zot:2    | Noticed a curse toe
 61927 | Zot:2    | 61927 ||| FLEEEEING.
 61928 | Zot:2    | 61928 ||| FLEEEEING.
 61934 | Zot:2    | 61934 ||| INVOKING Berserk.
 61936 | Zot:2    | HP: 62/354 [??? (48)]
 61940 | Zot:2    | Killed a curse toe
 62100 | Zot:2    | 62100 ||| INVOKING Berserk.
 62375 | Zot:2    | Noticed a curse toe
 62381 | Zot:2    | 62381 ||| DRINKING 10 potions of curing.
 62381 | Zot:2    | 62381 ||| (to cure confusion)
 62386 | Zot:2    | 62386 ||| INVOKING Berserk.
 62393 | Zot:2    | Killed a curse toe
 62758 | Zot:3    | 62758 ||| INVOKING Berserk.
 62950 | Zot:3    | 62950 ||| Stepping ~*~*~tactically~*~*~ (hiding).
 62990 | Zot:3    | 62990 ||| Stepping ~*~*~tactically~*~*~ (hiding).
 62991 | Zot:3    | 62991 ||| Stepping ~*~*~tactically~*~*~ (hiding).
 62992 | Zot:3    | 62992 ||| INVOKING Brothers in Arms.
 62993 | Zot:3    | 62993 ||| INVOKING Brothers in Arms.
 62994 | Zot:3    | 62994 ||| INVOKING Berserk.
 63017 | Zot:3    | 63017 ||| Stepping ~*~*~tactically~*~*~ (stealth).
 63019 | Zot:3    | 63019 ||| Stepping ~*~*~tactically~*~*~ (stealth).
 63143 | Zot:3    | 63143 ||| INVOKING Berserk.
 63150 | Zot:3    | Reached skill level 1 in Evocations
 63194 | Zot:3    | Reached skill level 3 in Evocations
 63635 | Zot:3    | 63635 ||| INVOKING Berserk.
 63913 | Zot:3    | 63913 ||| DROPPING +0 kite shield of reflection.
 63914 | Zot:3    | 63914 ||| UPGRADING to +0 tower shield.
 63924 | Zot:3    | 63924 ||| DROPPING +0 kite shield of poison resistance.
 63925 | Zot:3    | 63925 ||| UPGRADING to +1 cloak of poison resistance.
 63935 | Zot:3    | 63935 ||| READING 11 scrolls of enchant armour.
 63935 | Zot:3    | 63935 ||| ENCHANTING +1 cloak of poison resistance.
 63936 | Zot:3    | 63936 ||| DROPPING +2 cloak.
 63983 | Zot:4    | 63983 ||| INVOKING Berserk.
 63991 | Zot:4    | 63991 ||| STAIRDANCE
 64111 | Zot:4    | 64111 ||| INVOKING Berserk.
 64154 | Zot:4    | Noticed a curse toe
 64169 | Zot:4    | Killed a curse toe
 64548 | Zot:4    | 64548 ||| INVOKING Berserk.
 64913 | Zot:4    | 64913 ||| Stepping ~*~*~tactically~*~*~ (hiding).
 64915 | Zot:4    | 64915 ||| INVOKING Berserk.
 65000 | Zot:4    | 65000 ||| Stepping ~*~*~tactically~*~*~ (hiding).
 65003 | Zot:4    | 65003 ||| Stepping ~*~*~tactically~*~*~ (stealth).
 65004 | Zot:4    | Noticed an orb of fire
 65005 | Zot:4    | 65005 ||| DRINKING 5 potions of resistance.
 65006 | Zot:4    | 65006 ||| INVOKING Berserk.
 65019 | Zot:4    | Gained mutation: You occasionally lose the ability to read
                  | scrolls when taking damage. [an orb of fire]
 65028 | Zot:4    | Gained mutation: You occasionally lose the ability to drink
                  | potions when taking damage. [an orb of fire]
 65029 | Zot:4    | Gained mutation: Your magical capacity is low. (-10% MP)
                  | [an orb of fire]
 65032 | Zot:4    | Killed an orb of fire
 65033 | Zot:4    | Reached skill level 21 in Shields
 65057 | Zot:4    | Reached XP level 24. HP: 136/247 MP: 19/19
 65266 | Zot:4    | 65266 ||| DRINKING 13 potions of mutation.
 65266 | Zot:4    | Lost mutation: Your magical capacity is low. (-10% MP)
                  | [potion of mutation]
 65266 | Zot:4    | Lost mutation: You are clumsy. (Dex -2) [potion of
                  | mutation]
 65266 | Zot:4    | Lost mutation: You occasionally lose the ability to drink
                  | potions when taking damage. [potion of mutation]
 65266 | Zot:4    | Gained mutation: Your system is resistant to poisons.
                  | (rPois) [potion of mutation]
 65267 | Zot:4    | 65267 ||| DRINKING 12 potions of mutation.
 65267 | Zot:4    | Lost mutation: Your system is resistant to poisons. (rPois)
                  | [potion of mutation]
 65267 | Zot:4    | Lost mutation: You occasionally lose the ability to read
                  | scrolls when taking damage. [potion of mutation]
 65267 | Zot:4    | Gained mutation: You are frail. (-10% HP) [potion of
                  | mutation]
 65267 | Zot:4    | Gained mutation: You are very frail. (-20% HP) [potion of
                  | mutation]
 65267 | Zot:4    | Gained mutation: You possess an exceptional clarity of
                  | mind. [potion of mutation]
 65268 | Zot:4    | 65268 ||| DRINKING 11 potions of mutation.
 65268 | Zot:4    | Lost mutation: You are very frail. (-20% HP) [potion of
                  | mutation]
 65268 | Zot:4    | Lost mutation: You are frail. (-10% HP) [potion of
                  | mutation]
 65268 | Zot:4    | Lost mutation: You possess an exceptional clarity of mind.
                  | [potion of mutation]
 65268 | Zot:4    | Gained mutation: You have sharp fingernails. [potion of
                  | mutation]
 65440 | Zot:4    | 65440 ||| Stepping ~*~*~tactically~*~*~ (stealth).
 65731 | Zot:4    | 65731 ||| Stepping ~*~*~tactically~*~*~ (hiding).
 65968 | Zot:4    | 65968 ||| Stepping randomly (cloudy).
 66089 | Zot:4    | 66089 ||| Stepping randomly (cloudy).
 66090 | Zot:4    | 66090 ||| Stepping randomly (cloudy).
 66091 | Zot:4    | 66091 ||| DRINKING 7 potions of cancellation.
 66092 | Zot:4    | 66092 ||| INVOKING Berserk.
 66114 | Zot:4    | 66114 ||| INVOKING Brothers in Arms.
 66115 | Zot:4    | 66115 ||| INVOKING Brothers in Arms.
 66122 | Zot:4    | HP: 47/247 [??? (36)]
 66123 | Zot:4    | 66123 ||| READING 22 scrolls of teleportation.
 66124 | Zot:4    | 66124 ||| DRINKING 3 potions of heal wounds.
 66127 | Zot:4    | 66127 ||| DRINKING 2 potions of heal wounds.
 66128 | Zot:4    | 66128 ||| DRINKING potion of heal wounds.
 66129 | Zot:4    | HP: 42/247 [??? (31)]
 66627 | Zot:4    | 66627 ||| Stepping randomly (cloudy).
 66628 | Zot:4    | 66628 ||| Stepping randomly (cloudy).
 66628 | Zot:4    | Paralysed by you for 2 turns
 66630 | Zot:4    | 66630 ||| INVOKING Berserk.
 66879 | Zot:4    | 66879 ||| INVOKING Berserk.
 66879 | Zot:4    | HP: 65/370 [??? (51)]
 67284 | Zot:4    | 67284 ||| Stepping ~*~*~tactically~*~*~ (hiding).
 67314 | Zot:4    | 67314 ||| Stepping ~*~*~tactically~*~*~ (cloud).
 67315 | Zot:4    | 67315 ||| PLANNING ORB
 67379 | Zot:5    | Entered Level 5 of the Realm of Zot
 67441 | Zot:5    | 67441 ||| INVOKING Berserk.
 67881 | Zot:5    | 67881 ||| INVOKING Berserk.
 68108 | Zot:5    | Noticed an orb of fire
 68108 | Zot:5    | 68108 ||| DRINKING 4 potions of resistance.
 68109 | Zot:5    | Noticed a Killer Klown
 68111 | Zot:5    | Noticed an ancient lich
 68112 | Zot:5    | 68112 ||| INVOKING Trog's Hand.
 68113 | Zot:5    | 68113 ||| INVOKING Berserk.
 68113 | Zot:5    | Noticed an orb of fire
 68117 | Zot:5    | Noticed a Killer Klown
 68118 | Zot:5    | Noticed a dread lich
 68124 | Zot:5    | Gained mutation: You occasionally shout uncontrollably at
                  | your foes. [an orb of fire]
 68127 | Zot:5    | Killed an orb of fire
 68132 | Zot:5    | Noticed a Killer Klown
 68133 | Zot:5    | Killed an ancient lich
 68134 | Zot:5    | Noticed a dread lich
 68142 | Zot:5    | Noticed a dread lich
 68144 | Zot:5    | Paralysed by a dread lich for 2 turns
 68145 | Zot:5    | Gained mutation: You occasionally lose the ability to drink
                  | potions when taking damage. [an orb of fire]
 68148 | Zot:5    | 68148 ||| INVOKING Trog's Hand.
 68148 | Zot:5    | Gained mutation: You have hidden genetic defects. [an orb
                  | of fire]
 68150 | Zot:5    | Gained mutation: You are frail. (-10% HP) [an orb of fire]
 68151 | Zot:5    | Killed an orb of fire
 68151 | Zot:5    | Killed a dread lich
 68151 | Zot:5    | HP: 50/222 [???[a dread lich] (38)]
 68152 | Zot:5    | Reached skill level 27 in Fighting
 68152 | Zot:5    | 68152 ||| READING 22 scrolls of teleportation.
 68152 | Zot:5    | HP: 24/224 [dread lich (10)]
 68156 | Zot:5    | HP: 9/224 [???[a dread lich] (5)]
 68156 | Zot:5    | Slain by a Killer Klown

Levels and vault maps discovered:
D:1:      lightli_arrival_boilingwater, layout_loops_ring,
          hellmonk_ecumenical_altar_blasted, minmay_pentomino_u4
D:2:      layout_basic, hangedman_decor_growths, amethyst_killhole,
          guppyfry_early_orc_mine
D:3:      layout_basic, serial_shops, shop_fountains
D:4:      layout_loops_cross, gammafunk_ghost_necromancy,
          cheibrodos_sewer_entry_bend, serial_shops, shop, shop, uniq_eustachio,
          uniq_edmund
D:5:      layout_rooms, uniq_pikel
D:6:      layout_loops_ring, nicolae_elevator_lobby_plus
D:7:      layout_basic, minmay_temple_entry_slanted, serial_shops, shop
D:8:      layout_rooms, minmay_shop_mayhem, uniq_psyche
D:9:      layout_rooms, nicolae_overflow_crystal_walls, dreamdust_gnoll_shepherd
D:10:     layout_long_grid, david_lair_shrubbed, orc_0_dummy
D:11:     layout_basic, st_stairs_14, minivault_10,
          nicolae_concentric_dashed_squares_mild, fedhas_altar_fruit_tree
D:12:     layout_rooms
D:13:     layout_small_grid, hangedman_vaults_entry_quadrant_bands,
          serial_co_window_serial, co_window_corner_a, co_window_paths_a,
          co_window_paths_a, co_window_paths_a, co_window_paths_b,
          co_window_unsneaky_path_e, co_window_corner_b,
          co_window_unsneaky_path_d, co_window_paths_c, glass_columns_a,
          glass_columns_a, serial_shops, shop
D:14:     layout_stronghold, enter_trove_0, minmay_misc_feat_doors,
          hellmonk_ghost_happy_afterlife, serial_shops, nicolae_diamond_shop,
          tso_metal_star, uniq_rupert, uniq_snorg
D:15:     hangedman_depths_entry_try_elsewhere_first, layout_loops_ring,
          serial_shops, nicolae_shop_bloodbath_and_beyond,
          nicolae_triple_integral, amcnicky_altar_lugonu_corruption
Lair:1:   layout_regular_city, minivault_11, chequers_serial_rivers_micro_b
Lair:2:   layout_regular_city, spider_nest_entry_web_field,
          nzn_masters_of_martial_movement, uniq_urug
Lair:3:   layout_gridlike, swamp_mist_pool
Lair:4:   layout_roguey, slime_entry_2
Lair:5:   minmay_lair_end_frog_pond, layout_regular_city,
          nicolae_quartered_pool_super, serial_bayou_pond_e,
          lemuel_fruit_fields, serial_bayou_shore_b
Swamp:1:  layout_basic_swamp, hangedman_swamp_ruin_wall
Swamp:2:  layout_basic_swamp, hangedman_swamp_ruin_hall, swamp_pool4,
          infiniplex_staircase_pool_2
Swamp:3:  layout_basic_swamp, evilmike_swamp_ruin_house_1
Swamp:4:  swamp_old_school, layout_basic_swamp, uniq_bai_suzhen
Spider:1: layout_cave_pods
Spider:2: layout_chambers, hangedman_spider_tarantella_strand
Spider:3: layout_chambers, special_room [special_room_bee], uniq_donald
Spider:4: floodkiller_spider_rune_tomb, special_room, uniq_aizul
Orc:1:    cheibrodos_orc_guarddog, layout_diamond_mine, portal_ice_cave_rime,
          serial_shops, nicolae_shop_stone
Orc:2:    kennysheep_orc_mage_school, layout_diamond_mine,
          guppyfry_orc_lava_fort
Vaults:1: vaults_mumra_chevron, v_misc_15, vaults_mumra_hex,
          ontoclasm_vaults_chip, v_misc_22, v_alt_pattern_2, st_lattice,
          grunt_vaults_hallway_short, v_rooms_2, hangedman_vaults_pinch,
          v_misc_19, v_alt_pattern_5, nicolae_vaults_little_squares_6,
          layout_vaults_big_cross
Vaults:2: special_room_vaults [special_room_orc],
          nicolae_vaults_ring_of_whatevers, vaults_dpeg_doors, serial_ice_m,
          nicolae_vaults_little_squares_5, hangedman_vaults_capsules,
          vaults_room_semicircle, v_misc_14, v_misc_12, vaults_room_fours,
          hangedman_vaults_restitches, layout_vaults_chaotic_city, serial_shops,
          nicolae_shop_crystal, nicolae_lakefront_shop,
          nicolae_shop_overgrown_old_shop, nicolae_shop_statue_plus,
          uniq_asterion
Vaults:3: v_pattern_1, minmay_crypt_entry_simple_box, v_misc_16,
          ontoclasm_vaults_shuriken, vaults_dpeg_emergency_exit,
          nicolae_vaults_shelves_hall, vaults_room_fancy_cross,
          nicolae_vaults_mini_display_case, vaults_dpeg_encased_lava,
          nicolae_vaults_rhombus_5, nicolae_vaults_twisting_passages,
          sword_in_stone, layout_vaults_omnigrid, uniq_xtahua
Vaults:4: dpeg_vaults_monster_box, nicolae_vaults_network_quincunx
          [nicolae_vaults_network_quincunx_subvault,
          nicolae_vaults_network_quincunx_subvault,
          nicolae_vaults_network_quincunx_subvault,
          nicolae_vaults_network_quincunx_subvault,
          nicolae_vaults_network_quincunx_subvault], ontoclasm_vaults_ligature,
          grunt_vaults_bifocal, v_alt_pattern_3, vaults_room_grid, v_misc_25,
          vaults_dpeg_diagonal, nicolae_vaults_network_star,
          nicolae_vaults_specimen_jars, ontoclasm_vaults_chip,
          hangedman_vaults_locks, hangedman_vaults_stitches, v_misc_22,
          layout_vaults_maze
Vaults:5
Depths:1: minmay_tri_box, layout_twisted_cross, lemuel_doored_altar,
          grunt_metal_band, grunt_pan_entry_sceptre, minmay_multi_spiral
Depths:2: evilmike_lava_path, layout_cave_shapes, pan_entry, abyss_entry,
          pf_hell_entry_tar_river, grunt_decor_one_mirror,
          dancing_weapons_uskayaw, uniq_sojobo, uniq_mara
Depths:3: gammafunk_the_bubble [the_bubble_gammafunk_crates], layout_cave_pools,
          pf_vacation_house_of_asmodeus, abyss_entry, chequers_decorated_corner,
          infiniplex_staircase_trident, serial_bayou_shore_b
Depths:4: grunt_crosshair, layout_basic, enter_ziggurat_d, hell_entry,
          serial_shops, bzr_firewalk, minmay_room_of_horrors,
          hangedman_decor_push, nrook_campfire
Zot:1:    layout_twisted_circle
Zot:2:    kennysheep_ambush_hall, layout_misc_corridors
Zot:3:    layout_onion_interference, hangedman_zot_decor_slant
Zot:4:    gammafunk_mikee_crab_dinner, layout_onion,
          hangedman_zot_diagonal_lockstep, skrybe_zot_glass_3
Zot:5:    layout_gridlike

Skill      XL: |  1  2  3  4  5  6  7  8  9 10 11 12 13 14 15 16 17 18 19 20 21 22 23 24 |
---------------+-------------------------------------------------------------------------+-----
Axes           | 4 5 6 7 9 11 14 16 18 19 20 | 20.0
Armour         | 4 5 6 9 10 11 16 17 18 19 21 22 23 24 | 24.0
Fighting       | 4 7 8 9 13 15 18 19 20 21 23 25 26 27 | 27.0
Throwing       | 1 3 6 7 10 12 14 15 | 15.0
Dodging        | 3 4 5 7 8 10 11 16 17 18 | 18.0
Shields        | 10 13 17 18 19 20 21 22 | 22.9
Evocations     | 3 4 |  4.7

Action                   |  1- 3 |  4- 6 |  7- 9 | 10-12 | 13-15 | 16-18 | 19-21 | 22-24 || total
-------------------------+-------+-------+-------+-------+-------+-------+-------+-------++-------
Melee: Hand axe          |   111 |   112 |   134 |       |    14 |    62 |       |       ||   433
       Headbutt          |    19 |    17 |    25 |    74 |   192 |   444 |   472 |   428 ||  1671
       Punch             |     1 |       |     1 |     5 |     6 |       |       |       ||    13
       War axe           |       |       |    54 |   372 |   971 |   218 |       |       ||  1615
       Morningstar       |       |       |       |     3 |     5 |       |       |       ||     8
       Broad axe         |       |       |       |       |       |  1264 |  1475 |  1265 ||  4004
Throw: Boomerang         |       |       |    66 |    94 |   183 |   125 |   124 |    47 ||   639
       Javelin           |       |       |       |    35 |     5 |    66 |    49 |    45 ||   200
Invok: Berserk           |     1 |     4 |    11 |    23 |    35 |    28 |    32 |    44 ||   178
       Trog's Hand       |       |     1 |       |       |     8 |    20 |    15 |    10 ||    54
       Brothers in Arms  |       |       |       |     3 |     8 |    10 |     9 |     7 ||    37
  Use: Scroll            |     8 |     3 |    12 |     5 |    12 |     7 |     1 |     6 ||    54
       Potion            |       |     1 |     2 |     2 |     3 |     5 |       |    13 ||    26
 Stab: Distracted        |       |       |       |       |     1 |     1 |     1 |     1 ||     4
       Confused          |       |       |       |       |       |       |       |     1 ||     1
       Invisible         |       |       |       |       |       |       |       |     1 ||     1
Armor: Animal skin       |    12 |       |       |       |       |       |       |       ||    12
       Leather armour    |    15 |     3 |       |       |       |       |       |       ||    18
       Plate armour      |       |    47 |     2 |       |   347 |   720 |   589 |   588 ||  2293
       Scale mail        |       |       |    78 |   125 |    92 |       |       |       ||   295
Dodge: Dodged            |    51 |    27 |    76 |   189 |   626 |   794 |   760 |   792 ||  3315
Block: Other             |       |       |       |       |    16 |       |       |       ||    16
       Reflection        |       |       |       |       |     4 |    32 |    33 |    17 ||    86
       Buckler           |       |       |       |       |    41 |   117 |       |       ||   158
       Kite shield       |       |       |       |       |       |   592 |  1184 |   877 ||  2653
       Tower shield      |       |       |       |       |       |       |       |   464 ||   464

Table legend:
 A = Non-vault XP
 B = Vault XP
 C = Vault XP percentage of total XP
 D = Non-vault monster count
 E = Vault monster count
 F = Vault count percentage of total count
                 A         B        C        D         E       F
            +---------+---------+-------+---------+---------+-------
      Total |  599195 |  456072 |  43.2 |    1214 |     621 |  33.8
            +---------+---------+-------+---------+---------+-------
        D:1 |      42 |       6 |  12.5 |      25 |       4 |  13.8
        D:2 |      51 |      17 |  25.0 |      20 |       7 |  25.9
        D:3 |     116 |       0 |   0.0 |      20 |       0 |   0.0
        D:4 |     334 |     375 |  52.9 |      17 |       4 |  19.0
        D:5 |     431 |     617 |  58.9 |      10 |       1 |   9.1
        D:6 |    1161 |       0 |   0.0 |      33 |       0 |   0.0
        D:7 |     656 |       0 |   0.0 |      18 |       0 |   0.0
        D:8 |     477 |     358 |  42.9 |      15 |       1 |   6.2
        D:9 |    2972 |     262 |   8.1 |      33 |       2 |   5.7
       D:10 |    2257 |     361 |  13.8 |      19 |       1 |   5.0
       D:11 |    2954 |     322 |   9.8 |      10 |       1 |   9.1
       D:12 |    1805 |       0 |   0.0 |       3 |       0 |   0.0
       D:13 |    2724 |    7052 |  72.1 |      12 |      17 |  58.6
       D:14 |    5798 |    2865 |  33.1 |      27 |       2 |   6.9
       D:15 |    8878 |    1871 |  17.4 |      16 |       4 |  20.0
     Lair:1 |    4542 |       0 |   0.0 |      13 |       0 |   0.0
     Lair:2 |    7669 |    1662 |  17.8 |      23 |       2 |   8.0
     Lair:3 |    6849 |       0 |   0.0 |      27 |       0 |   0.0
     Lair:4 |    1895 |       0 |   0.0 |       6 |       0 |   0.0
     Lair:5 |    9819 |    9294 |  48.6 |      34 |      36 |  51.4
    Swamp:1 |   13338 |       0 |   0.0 |      32 |       0 |   0.0
    Swamp:2 |    9732 |       0 |   0.0 |      21 |       0 |   0.0
    Swamp:3 |   10675 |       0 |   0.0 |      23 |       0 |   0.0
    Swamp:4 |    7349 |   21023 |  74.1 |      12 |      28 |  70.0
   Spider:1 |   24632 |       0 |   0.0 |      81 |       0 |   0.0
   Spider:2 |   15498 |     271 |   1.7 |      43 |       1 |   2.3
   Spider:3 |   13832 |    3830 |  21.7 |      39 |      26 |  40.0
   Spider:4 |   10562 |   29871 |  73.9 |      23 |      57 |  71.2
      Orc:1 |    5360 |    1411 |  20.8 |      41 |       6 |  12.8
      Orc:2 |    4308 |   14329 |  76.9 |      36 |      50 |  58.1
   Vaults:1 |   10203 |   37743 |  78.7 |      21 |      53 |  71.6
   Vaults:2 |   27270 |   15947 |  36.9 |      57 |      44 |  43.6
   Vaults:3 |   27583 |   19751 |  41.7 |      37 |      19 |  33.9
   Vaults:4 |   37648 |   46589 |  55.3 |      50 |      60 |  54.5
   Vaults:5 |    6683 |   86918 |  92.9 |       8 |      68 |  89.5
   Depths:1 |   15434 |   35659 |  69.8 |      21 |      35 |  62.5
   Depths:2 |   36367 |   33608 |  48.0 |      47 |      28 |  37.3
   Depths:3 |   15814 |       0 |   0.0 |      20 |       0 |   0.0
   Depths:4 |   54253 |   24629 |  31.2 |      49 |      31 |  38.8
      Zot:1 |   51275 |       0 |   0.0 |      42 |       0 |   0.0
      Zot:2 |   28051 |   12497 |  30.8 |      25 |       8 |  24.2
      Zot:3 |   51223 |       0 |   0.0 |      44 |       0 |   0.0
      Zot:4 |   36567 |    9632 |  20.8 |      27 |      11 |  28.9
      Zot:5 |   18361 |   37302 |  67.0 |      15 |      14 |  48.3
    Abyss:2 |    5747 |       0 |   0.0 |      19 |       0 |   0.0
            +---------+---------+-------+---------+---------+-------
